Workbook
Name DKCO: #REF!
Name DKNO: #REF!
Name Donvi: #REF!
Name LM: #REF!
Name LN: #REF!
Name Taikhoan: #REF!
Name Taikhoan: #REF!
Name TaxTV: 10%
Name TaxXL: 5%
Name TK_BS: #REF!
Name TK_PL: #REF!
Name TK_TB: #REF!
Name TKBS: #REF!
Name Ý_kiến: #REF!
Name YKien: #REF!
Name ZYX: #REF!
Name ZZZ: #REF!

Sheet Tong quat
A1: Kỳ báo cáo: | C1: Tại ngày 30 tháng 09 năm 2026/As at 30 September 2026
C2: Từ ngày 01 tháng 07 năm 2026 tới ngày 30 tháng 09 năm 2026 / From 01 July 2026 to 30 September 2026
A4: Thông tin chung:
C5: Tên Quỹ: | D5: Quỹ Đầu tư cân bằng Bản Việt
C6: Fund name: | D6: Viet Capital Balanced Fund (VCAMBF)
C7: Tên Công ty quản lý quỹ: | D7: Công ty Cổ phần Quản lý Quỹ Đầu tư chứng khoán Bản Việt
C8: Fund Management Company: | D8: Viet Capital Asset Management Joint Stock Company
C9: Tên ngân hàng giám sát: | D9: Ngân hàng TMCP Đầu tư và Phát triển Việt Nam CN Nam Kỳ Khởi Nghĩa
C10: Supervising bank: | D10: Bank for Investment and Development of VietNam JSC - Nam Ky Khoi Nghia Branch
C11: Ngày lập báo cáo: | D11: Ngày 12 tháng 10 năm 2026
C12: Reporting Date: | D12: 46307
A14: Người ký báo cáo:
C16: Đại diện có thẩm quyền của Ngân hàng giám sát | F16: Đại diện có thẩm quyền của Công ty quản lý Quỹ
C17: Authorised Representative of Supervisory Bank | F17: Authorised Representative of Fund Management Company
C19: NH TMCP ĐT & PT Việt Nam CN Nam Kỳ Khởi Nghĩa | F19: Công ty CP Quản lý Quỹ Đầu tư chứng khoán Bản Việt
C20: Nguyễn Thị Minh Châu | F20: Trương Thị Thanh Ngọc
C21: Phó giám đốc Chi nhánh | F21: Giám đốc quỹ
B34: STT | C34: Nội dung | E34: Tên sheet
B35: A | C35: BÁO CÁO CHUNG VỀ HOẠT ĐỘNG ĐẦU TƯ CỦA QUỸ
B36: 1 | C36: Báo cáo thu nhập | E36: BCThuNhap_06203
B37: 2 | C37: Báo cáo tình hình tài chính | E37: BCTinhHinhTaiChinh_06105
B38: 3 | C38: Báo cáo lưu chuyển tiền tệ | E38: BCLCGT_06262
B39: 4 | C39: Báo cáo tài sản | E39: BCTaiSan_06027
B40: 5 | C40: Báo cáo Kết quả hoạt động | E40: BCKetQuaHoatDong_06028
B41: 6 | C41: Báo cáo Danh mục đầu tư | E41: BCDanhmucdautu_06029
B42: 7 | C42: Giá trị tài sản ròng | E42: GiaTriTaiSanRong_06129
B43: 8 | C43: Báo cáo hoạt động vay | E43: Bchoatdongvay_06026
B44: 9 | C44: Báo cáo chỉ tiêu khác | E44: Khac_06030
B45: 10 | C45: Thống kê phí giao dịch
B46: B | C46: BÁO CÁO TÌNH HÌNH TỰ DOANH ĐẦU TƯ GIÁN TIẾP RA NƯỚC NGOÀI CỦA QUỸ | E46: Không có
B49: Thống kê các Thuyết minh BCTC
D51: Có trình bày Y/N/O | E51: Nguyên nhân không trình bày
B52: 1/ | C52: Tiền gửi Ngân hàng | D52: Y
B53: 2/ | C53: Các khoản đầu tư | D53: Y
B54: 3/ | C54: Các khoản dự phòng | D54: O | E54: Chỉ có VF1 trình bày, các Quỹ khác không có khoản mục này không phải trình bày
B55: 4/ | C55: Vay ngắn hạn | D55: N | E55: Không có số dư không trình bày
B56: 5/ | C56: Phải trả mua các khoản đầu tư | D56: N | E56: Không có số dư không trình bày
B57: 6/ | C57: Phải trả các Đại lý phân phối, Công ty Quản lý quỹ về phí phát hành và mua lại Chứng chỉ quỹ | D57: N | E57: Trên báo cáo chính đã chi tiết theo từng khoản mục
B58: 7/ | C58: Thuế và các khoản phải nộp Nhà nước | D58: N | E58: Không bắt buộc, Quỹ chỉ có khoản mục thuế từ hoạt động mua bán CCQ và Thù lao BDD
B59: 8/ | C59: Phải trả thu nhập cho Nhà đầu tư | D59: N | E59: Quỹ nào có chia cổ tức mới trình bày
B60: 9/ | C60: Chi phí phải trả | D60: N | E60: Trên báo cáo chính đã chi tiết theo từng khoản mục
B61: 10/ | C61: Phải trả dịch vụ quản lý quỹ | D61: N | E61: Trên báo cáo chính đã chi tiết theo từng khoản mục
B62: 11/ | C62: Phải trả, phải nộp khác | D62: Y | E62: Chi tiết theo nature khoản mục của từng quỹ
B63: 12/ | C63: Tình hình biến động vốn chủ sở hữu | D63: Y
B64: 13/ | C64: Lợi nhuận chưa phân phối | D64: Y
B65: 14/ | C65: Lãi, lỗ bán các khoản đầu tư | D65: Y | E65: Tính toán lại dựa trên Báo cáo Sale and Purchase Report, checking với cân đối
B66: 15/ | C66: Chênh lệch đánh giá lại các khoản đầu tư | D66: Y | E66: Dựa trên báo cáo Portfolio Valuation
B67: 16/ | C67: Doanh thu hoạt động đầu tư | D67: Y
B68: 17/ | C68: Chi phí giao dịch mua các khoản đầu tư | D68: N | E68: Hệ thống ko support nhặt số liệu báo cáo này
B69: 18/ | C69: Chi phí giao dịch bán các khoản đầu tư | D69: N | E69: Hệ thống ko support nhặt số liệu báo cáo này
B70: 19/ | C70: Chi phí đầu tư | D70: N | E70: Trên báo cáo chính đã chi tiết theo từng khoản mục
B71: 20/ | C71: Chi phí quản lý Quỹ mở | D71: N | E71: Trên báo cáo chính đã chi tiết theo từng khoản mục
B72: 21/ | C72: Thuyết minh về giá trị tài sản ròng | D72: Y | E72: Thống kê theo từng kỳ NAV
B73: 22/ | C73: Thuyết minh về danh mục các khoản đầu tư | D73: N | E73: Báo cáo theo thông tư 183 đã có thông tin
B74: 23/ | C74: Thuyết minh về các Tài khoản loại 0 | D74: N | E74: Không có
B75: 24/ | C75: Những thông tin khác | D75: N | E75: Không bắt buộc trình bày

Sheet BCThuNhap_06203
A1: Mẫu số B01g - QM. Báo cáo thu nhập Template B01g - QM. Statement of Comprehensive Income
A2: (Ban hành kèm theo Thông tư 198/2012/TT-BTC ngày 15 tháng 11 năm 2012 về chế độ kế toán áp dụng đối với quỹ mở) (Issued in association with Circular 198/2012/TT-BTC dated 15 Nov 2012 on the Accounting Policies for Open-Ended Fund)
A3: BÁO CÁO THU NHẬP STATEMENT OF COMPREHENSIVE INCOME
A5: Quý III năm 2026 / Quarter III 2026
A7: Tên Quỹ: | B7: Quỹ Đầu tư cân bằng Bản Việt
A8: Fund name: | B8: Viet Capital Balanced Fund (VCAMBF)
A9: Tên Công ty quản lý quỹ: | B9: Công ty Cổ phần Quản lý Quỹ Đầu tư chứng khoán Bản Việt
A10: Fund Management Company: | B10: Viet Capital Asset Management Joint Stock Company
A11: Tên ngân hàng giám sát: | B11: Ngân hàng TMCP Đầu tư và Phát triển Việt Nam Chi nhánh Nam Kỳ Khởi Nghĩa
A12: Supervising bank: | B12: Bank for Investment and Development of VietNam JSC - Nam Ky Khoi Nghia Branch
A13: Ngày lập báo cáo: | B13: Ngày 12 tháng 10 năm 2026
A14: Reporting Date: | B14: 46307
A16: Chỉ tiêu Indicator | B16: Mã số Code | C16: Thuyết minh Note | D16: Năm 2026 Year 2026 | F16: Năm 2025 Year 2025
D17: Quý III năm 2026 Quarter III 2026 | E17: Số lũy kế Year-to-date | F17: Quý III năm 2025 Quarter III 2025 | G17: Số lũy kế Year-to-date
A18: I. THU NHẬP, DOANH THU HOẠT ĐỘNG ĐẦU TƯ Investment income | B18: 01 | D18: -1979389438 | E18: -1558110361 | F18: 17531698825 | G18: 23150838059
A19: 1.1. Cổ tức, trái tức được chia Dividend, bond interest received | B19: 02 | D19: 1151316000 | E19: 2155774000 | F19: 489617300 | G19: 1178560300
A20: Cổ tức được nhận Dividend received | B20: 02.1 | D20: 1151316000 | E20: 2155774000 | F20: 489617300 | G20: 1178560300
A21: Trái tức được nhận Coupon received | B21: 02.2 | D21: 0 | E21: 0 | F21: 0 | G21: 0
A22: 1.2. Tiền lãi được nhận Interest income | B22: 03 | D22: 963656262 | E22: 2477313839 | F22: 419020725 | G22: 1151031159
A23: Tiền lãi tiền gửi được nhận Bank Deposit Interest received | B23: 03.1 | D23: 963656262 | E23: 2477313839 | F23: 419020725 | G23: 1151031159
A24: Lãi chứng chỉ tiền gửi Interest income from Certificate of Deposit | B24: 03.2 | D24: 0 | E24: 0 | F24: 0 | G24: 0
A25: 1.3. Lãi (lỗ) bán các khoản đầu tư Realized gain (losses) from disposal investments | B25: 04 | D25: -451004629 | E25: 3346964037 | F25: 6528016513 | G25: 14132069264
A26: 1.4. Chênh lệch tăng, giảm đánh giá lại các khoản đầu tư chưa thực hiện Unrealized gain (losses) from investment revaluation | B26: 05 | D26: -3643357071 | E26: -9538162237 | F26: 10095044287 | G26: 6689177336
A27: 1.5. Doanh thu khác Other income | B27: 06 | D27: 0 | E27: 0 | F27: 0 | G27: 0
A28: 1.6. Chênh lệch lãi, lỗ tỷ giá hối đoái đã và chưa thực hiện Realized and unrealized gain (losses) from foreign exchange | B28: 07 | D28: 0 | E28: 0 | F28: 0 | G28: 0
A29: 1.7. Doanh thu khác về đầu tư Other investment income | B29: 08 | D29: 0 | E29: 0 | F29: 0 | G29: 0
... A32: 2.1. Chi phí giao dịch mua, bán các khoản đầu tư Expense for purchasing and selling investments | B32: 11 | D32: 141983727 | E32: 684113931 | F32: 183089026 | G32: 437240953
A33: Phí môi giới Brokerage fee | B33: 11.1 | D33: 141983727 | E33: 684113931 | F33: 183089026 | G33: 437240953
A34: Chi phí thanh toán bù trừ Clearing settlement fee | B34: 11.2 | D34: 0 | E34: 0 | F34: 0 | G34: 0
A35: 2.2. Chi phí dự phòng nợ phải thu khó đòi và xử lý tổn thất phải thu khó đòi Provision expense | B35: 12 | D35: 0 | E35: 0 | F35: 0 | G35: 0
A36: 2.3. Chi phí lãi vay Borrowing interest expense | B36: 13 | D36: 0 | E36: 0 | F36: 0 | G36: 0
A37: 2.4. Chi phí dự phòng giảm giá tài sản nhận thế chấp và xử lý tổn thất các khoản đầu tư cho vay có tài sản nhận thế chấp Impairment expense for devaluation of assets received as pledge | B37: 14 | D37: 0 | E37: 0 | F37: 0 | G37: 0
A38: 2.5. Chi phí đầu tư khác Other investments expense | B38: 15 | D38: 0 | E38: 0 | F38: 0 | G38: 0
A39: III. CHI PHÍ HOẠT ĐỘNG CỦA QUỸ OPERATING EXPENSE | B39: 20 | D39: 748813079 | E39: 2304662678 | F39: 693587949 | G39: 1909311042
A40: 3.1. Phí quản lý Quỹ mở Management fee | B40: 20.1 | D40: 471201191 | E40: 1420949957 | F40: 432730834 | G40: 1151257154
A41: 3.2. Phí dịch vụ lưu ký tài sản Quỹ mở Custodian fee | B41: 20.2 | D41: 91990530 | E41: 327898045 | F41: 103375017 | G41: 281558077
A42: Phí dịch vụ lưu ký - bảo quản tài sản Custodian service - Custody Fee | B42: 20.2.1 | D42: 60000000 | E42: 180000000 | F42: 61870967 | G42: 181870967
A43: Phí dịch vụ lưu ký - giao dịch chứng khoán Custodian service - Transaction fee | B43: 20.2.2 | D43: 28796746 | E43: 139022806 | F43: 39376649 | G43: 93414203
A44: Phí dịch vụ lưu ký - phí VSD Custodian service - VSD fee | B44: 20.2.3 | D44: 3193784 | E44: 8875239 | F44: 2127401 | G44: 6272907
A45: 3.3. Phí dịch vụ giám sát Supervising fee | B45: 20.3 | D45: 16500000 | E45: 49500000 | F45: 16500000 | G45: 49500000
A46: 3.4. Phí dịch vụ quản trị Quỹ mở Fund administrative fee | B46: 20.4 | D46: 49500000 | E46: 148500000 | F46: 49500000 | G46: 148500000
... A70: 6.2. Lợi nhận/(lỗ) chưa thực hiện Unrealized profit (losses) | B70: 32 | D70: -3643357071 | E70: -9538162237 | F70: 10095044287 | G70: 6689177336
A71: VII. CHI PHÍ THUẾ TNDN CORPORATE INCOME TAX | B71: 40
A72: VIII. LỢI NHUẬN KẾ TOÁN SAU THUẾ TNDN PROFIT AFTER TAX (41=30-40) | B72: 41 | D72: -2870186244 | E72: -4546886970 | F72: 16655021850 | G72: 20804286064
A76: Công ty Cổ phần Quản lý Quỹ Đầu tư Chứng khoán Bản Việt
A79: Người lập | E79: Người duyệt
A90: Bà Phạm Trần Quỳnh Dung | D90: Bà Trần Đỗ Quyên | F90: Bà Trương Thị Thanh Ngọc
A91: Kế toán Quỹ | D91: Kế toán trưởng | F91: Giám đốc quỹ

Sheet BCTinhHinhTaiChinh_06105
A1: Mẫu số B02g - QM. Báo cáo tình hình tài chính Template B02g - QM. Statement of Financial Position
A2: (Ban hành kèm theo Thông tư 198/2012/TT-BTC ngày 15 tháng 11 năm 2012 về chế độ kế toán áp dụng đối với quỹ mở) (Issued in association with Circular 198/2012/TT-BTC dated 15 Nov 2012 on the Accounting Policies for Open-Ended Fund)
A3: BÁO CÁO TÌNH HÌNH TÀI CHÍNH STATEMENT OF FINANCIAL POSITION
A5: =+'Tong quat'!C1 -> Tại ngày 30 tháng 09 năm 2026/As at 30 September 2026
A7: Tên Quỹ: | B7: Quỹ Đầu tư cân bằng Bản Việt
A8: Fund name: | B8: Viet Capital Balanced Fund (VCAMBF)
A9: Tên Công ty quản lý quỹ: | B9: Công ty Cổ phần Quản lý Quỹ Đầu tư chứng khoán Bản Việt
A10: Fund Management Company: | B10: Viet Capital Asset Management Joint Stock Company
A11: Tên ngân hàng giám sát: | B11: Ngân hàng TMCP Đầu tư và Phát triển Việt Nam Chi nhánh Nam Kỳ Khởi Nghĩa
A12: Supervising bank: | B12: Bank for Investment and Development of VietNam JSC - Nam Ky Khoi Nghia Branch
A13: Ngày lập báo cáo: | B13: =BCThuNhap_06203!B13 -> Ngày 12 tháng 10 năm 2026
A14: Reporting Date: | B14: =BCThuNhap_06203!B14 -> 46307
A16: Chỉ tiêu Indicator | B16: Mã số Code | C16: Thuyết minh Note | D16: Ngày 30 tháng 09 năm 2026 As at 30 September 2026 | E16: Ngày 30 tháng 06 năm 2026 As at 30 June 2026 | I16: Ngày 28 tháng 02 năm 2019 As at 28 February 2019
A17: I. TÀI SẢN ASSETS
A18: 1.Tiền gửi ngân hàng và tương đương tiền Cash at bank and cash equivalent | B18: 110 | D18: 12057506543 | E18: 9446760417 | I18: 29799258648 | J18: 729768413
A19: 1.1. Tiền gửi ngân hàng cho hoạt động của Quỹ mở Cash at bank for Fund's operation | B19: 111 | D19: 7057506543 | E19: 2446760417 | I19: 9361428215 | J19: 611101479
A20: Tiền gửi của nhà đầu tư cho hoạt động mua chứng chỉ quỹ Cash at bank for Fund's subscription | B20: 111.1 | D20: 77751418 | E20: 18800000
A21: Tiền phải trả cho Nhà đầu tư về mua lại chứng chỉ quỹ Cash at bank for Fund's redemption | B21: 111.2 | D21: 0 | E21: 0
A22: Tiền gửi ngân hàng cho hoạt động của Quỹ Cash at bank for Fund's operation | B22: 111.3 | D22: 6979755125 | E22: 2427960417
A23: 1.2. Tiền gửi có kỳ hạn dưới 3 tháng Term deposit less than 3 months | B23: 112 | D23: 5000000000 | E23: 7000000000 | I23: 20437830433 | J23: 118666934
A24: 2. Các khoản đầu tư thuần Investment | B24: 120 | D24: 142417827499 | E24: 151132867826 | I24: 46113652000 | J24: -267466000
A25: 2.1. Các khoản đầu tư Investments | B25: 121 | D25: 142417827499 | E25: 151132867826 | I25: 46113652000 | J25: -267466000
A26: Cổ phiếu niêm yết Listed shares | B26: 121.1 | D26: 100882179000 | E26: 105443263100 | I26: 43113652000 | J26: -267466000
A27: Cổ phiếu chưa niêm yết Unlisted shares | B27: 121.2 | D27: 0 | E27: 3000000000 | I27: 0
A28: Trái phiếu Bonds | B28: 121.3 | D28: 0 | E28: 0 | I28: 0 | J28: 0
A29: Hợp đồng tiền gửi có kỳ hạn trên ba (03) tháng Deposit with term over three (03) months | B29: 121.4 | D29: 41535648499 | E29: 42689604726 | I29: 3000000000 | J29: 0
A30: Chứng chỉ tiền gửi ghi danh Registered Deposit Certificate | B30: 121.5 | D30: 0 | E30: 0 | I30: 0 | J30: 0
A31: Quyền mua chứng khoán Investments - Rights | B31: 121.6 | D31: 0 | E31: 0 | I31: 0 | J31: 0
A32: 2.2. Dự phòng giảm giá tài sản nhận thế chấp Impairment of devaluation of assets as pledge | B32: 122 | D32: 0 | E32: 0 | I32: 0 | J32: 0
A33: 3. Các khoản phải thu Receivables | B33: 130 | D33: 3748179119 | E33: 647222670 | I33: 473787186 | J33: -61449754
A34: 3.1 Phải thu về bán các khoản đầu tư Receivables from investments sold but not yet settled | B34: 131 | D34: 2631771411 | E34: 0 | I34: 285571000 | J34: -58238511
A35: 3.2. Phải thu và dự thu cổ tức, tiền lãi các khoản đầu tư Dividend and interest receivables | B35: 133 | D35: 1116407708 | E35: 647222670 | I35: 188216186 | J35: -3211243
A36: Phải thu cổ tức, tiền lãi đến ngày nhận Dividend and interest receivables | B36: 134 | D36: 0 | E36: 0 | I36: 0 | J36: 0
A37: Trong đó: Phải thu khó đòi về cổ tức, tiền lãi đến ngày nhận nhưng chưa nhận được In which: Overdue receivables from dividend, interest income | B37: 135 | D37: 0 | E37: 0 | J37: 0
A38: Dự thu cổ tức, tiền lãi chưa đến ngày nhận Accrual dividend, interest income | B38: 136 | D38: 1116407708 | E38: 647222670 | I38: 188216186 | J38: -3211243
A39: Phải thu cổ tức Dividend receivable | B39: 136.1 | D39: 131500000 | E39: 92875000 | I39: 0 | J39: 0
A40: Phải thu lãi tiền gửi có kỳ hạn Interest receivable from term deposit | B40: 136.2 | D40: 984907708 | E40: 554347670 | I40: 188216186 | J40: -3211243
A41: Phải thu lãi chứng chỉ tiền gửi ghi danh Interest receivable from registered Deposit Certificate | B41: 136.3 | D41: 0 | E41: 0 | I41: 0 | J41: 0
A42: Phải thu trái tức Coupond receivable | B42: 136.4 | D42: 0 | E42: 0 | I42: 0 | J42: 0
A43: Phải thu lãi hợp đồng mua lại đảo ngược Interest receivable from reverse repo contract | B43: 136.5 | D43: 0 | E43: 0 | I43: 0 | J43: 0
A44: 3.3. Các khoản phải thu khác Other receivables | B44: 137 | D44: 0 | E44: 0 | I44: 0 | J44: 0
A45: 3.4. Dự phòng nợ phải thu khó đòi Provision for doubtful debt | B45: 138 | D45: 0 | E45: 0 | I45: 0 | J45: 0 | M45: checking
A46: TỔNG TÀI SẢN TOTAL ASSETS | B46: 100 | D46: 158223513161 | E46: 161226850913 | G46: 0 | H46: 0 | I46: 76386697834 | J46: 400852659 | M46: 77161857907 | N46: 76787550493
A47: II. NỢ PHẢI TRẢ TOTAL LIABILITIES | B47: II | D47: 0 | E47: 0 | J47: 0 | M47: 0 | N47: 0
A48: 1. Vay ngắn hạn - hợp đồng repo Shorterm loans - Repo | B48: 311 | D48: 0 | E48: 0 | I48: 0 | J48: 0
A49: 2. Phải trả về mua các khoản đầu tư Payables for securities bought but not yet settled | B49: 312 | D49: 2804820932 | E49: 1705334170 | I49: 1491333650 | J49: -1427738400
A50: 3. Phải trả phí cho các Đại lý phân phối, Công ty quản lý quỹ về mua bán Chứng chỉ quỹ Subscription and Redemption fee payable to distributors and fund management company | B50: 313 | D50: 17923891 | E50: 4663044 | I50: 0 | J50: 250000
A51: 4. Thuế và các khoản phải nộp Nhà nước Tax payables and obligations to the State Budget | B51: 314 | D51: 3603507 | E51: 1866426 | I51: 0 | J51: 0
A52: 5.Phải trả thu nhập cho Nhà đầu tư Profit distribution payables | B52: 315 | D52: 407334 | E52: 407334 | I52: 0 | J52: 0
A53: 6. Chi phí phải trả Expense Accuals | B53: 316 | D53: 78993176 | E53: 102486318 | I53: 95797260 | J53: 15591781
A54: Trích trước phí môi giới Expense accruals - Brokerage fee | B54: 316.1 | D54: 0 | E54: 0 | I54: 0 | J54: 0
A55: Trích trước phí kiểm toán Expense accruals- Audit fee | B55: 316.2 | D55: 34753392 | E55: 59506828 | I55: 82780822 | J55: 9342466
A56: Trích trước phí họp đại hội thường niên Expense accruals - Annual General meeting | B56: 316.3 | D56: 0 | E56: 0 | I56: 0 | J56: 0
A57: Trích trước phí báo cáo thường niên Expense accruals for Annual report | B57: 316.4 | D57: 0 | E57: 0 | I57: 0 | J57: 0
A58: Trích trước thù lao ban đại diện quỹ Expense accruals - Remuneration Payable to Fund's Board of Representatives | B58: 316.5 | D58: 40500000 | E58: 40500000 | I58: 11400000 | J58: 5400000
A59: Trích trước phí công tác, họp của ban đại diện Expense accruals for Fund's Board of Representatives travelling, meeting | B59: 316.6 | D59: 0 | E59: 0 | I59: 0 | J59: 0
A60: Trích trước phí quản lý thường niên Expense accruals for Annual Fee | B60: 316.7 | D60: 3739784 | E60: 2479490 | I60: 1616438 | J60: 849315
A61: 7. Phải trả cho Nhà đầu tư về mua Chứng chỉ quỹ Subscription Suspense Payable | B61: 317 | D61: 10750000 | E61: 16800000 | I61: 0 | J61: 0
A62: 8. Phải trả cho Nhà đầu tư về mua lại Chứng chỉ quỹ Redemption payable | B62: 318 | D62: 11296 | E62: 11296 | I62: 0 | J62: 0
A63: 9. Phải trả dịch vụ quản lý Quỹ mở Fund management related service expense payable | B63: 319 | D63: 211080965 | E63: 211923603 | I63: 109626433 | J63: 8751876
A64: Trích trước phải trả phí quản lý Expense accruals for Management fee | B64: 319.1 | D64: 154250061 | E64: 156212769 | I64: 51431433 | J64: 6801876
A65: Trích trước phí lưu ký tài sản Expense accruals for Custodian fee | B65: 319.2 | D65: 20000000 | E65: 20000000 | I65: 10750000 | J65: 0
A66: Trích trước phí quản trị quỹ Expense accruals for Fund administration fee | B66: 319.3 | D66: 16500000 | E66: 16500000 | I66: 11180000 | J66: 0
A67: Trích trước phí giám sát Expense accruals for Supervising fee | B67: 319.4 | D67: 5500000 | E67: 5500000 | I67: 19565000 | J67: 0
A68: Trích trước phí dịch vụ đại lý chuyển nhượng Expense accruals for Tranfer agency fee | B68: 319.5 | D68: 13200000 | E68: 13200000 | I68: 11000000 | J68: 0
A69: Phải trả phí giao dịch Accruals of Transaction Fee | B69: 319.6 | D69: 1630904 | E69: 510834 | I69: 5700000 | J69: 1950000
A70: Phải trả phí giao dịch thanh toán bù trừ chứng khoán Accruals of Clearing Settlement Fee | B70: 319.7 | D70: 0 | E70: 0 | I70: 0 | J70: 0
A71: 10. Phải trả, phải nộp khác Other payables | B71: 320 | D71: 0 | E71: 0 | I71: 0 | J71: 0
A72: TỔNG NỢ PHẢI TRẢ TOTAL LIABILITIES | B72: 300 | D72: 3127591101 | E72: 2043492191 | G72: Check | I72: 1696757343 | J72: -1403144743 | M72: 190555733 | N72: 293612600
A73: III. GIÁ TRỊ TÀI SẢN RÒNG CÓ THỂ PHÂN PHỐI CHO NHÀ ĐẦU TƯ NẮM GIỮ CHỨNG CHỈ QUỸ MỞ (I-II) DISTRIBUTABLE NET ASSET VALUE (I-II) | B73: 400 | D73: 155095922060 | E73: 159183358722 | G73: 0 | H73: 0 | I73: 74689940491 | J73: 1803997402 | M73: 0 | N73: 0
A74: 1. Vốn góp của Nhà đầu tư Paid up capital | B74: 411 | D74: 73012181252 | E74: 73584666152 | I74: 63515455252 | J74: 41425800 | M74: 76971302174 | N74: 76493937893
A75: 1.1 Vốn góp phát hành Capital from subscription | B75: 412 | D75: 158232561152 | E75: 156920828352 | G75: 0 | H75: 0 | I75: 67944463052 | J75: 41425800 | M75: 0 | N75: 0
A76: 1.2 Vốn góp mua lại Capital from redeemption | B76: 413 | D76: -85220379900 | E76: -83336162200 | I76: -4429007800 | J76: 0
A77: 2. Thặng dư vốn góp của Nhà đầu tư Share premium | B77: 414 | D77: 14159334054 | E77: 14804099572 | I77: 1028209345 | J77: 8324200 | M77: 76971302174 | N77: 76493937893
A78: 3. Lợi nhuận chưa phân phối Undistributed earnings | B78: 420 | D78: 67924406754 | E78: 70794592998 | I78: 10146275894 | J78: 1754247402 | M78: 0 | N78: 0
A79: IV. GIÁ TRỊ TÀI SẢN RÒNG QUỸ MỞ TRÊN 1 ĐƠN VỊ CHỨNG CHỈ QUỸ (IV=III/(VI.4)) NET ASSET VALUE PER FUND CERTIFICATE | B79: 430 | D79: 21242.47 | E79: 21632.68 | I79: 11759.33 | J79: 276.18
A80: V. LỢI NHUẬN ĐÃ PHÂN PHỐI CHO NHÀ ĐẦU TƯ DISTRIBUTED EARNINGS | B80: 440 | D80: 0 | E80: 0 | J80: 0
A81: 1. Lợi nhuận/Tài sản đã phân phối cho Nhà đầu tư trong năm Distributed earnings assets in the period | B81: 441 | D81: 0 | E81: 0 | I81: 0 | J81: 0
A82: 2. Lợi nhuận đã phân phối cho Nhà đầu tư lũy kế từ khi thành lập Quỹ mở đến kỳ lập báo cáo này Accumulated distributed profit/ assets | B82: 442 | D82: 21452073549 | E82: 21452073549 | I82: 11894947459 | J82: 0
A83: VI. CÁC CHỈ TIÊU NGOÀI BÁO CÁO TÌNH HÌNH TÀI CHÍNH OFF BALANCE SHEET ITEMS | B83: VI | D83: 0 | E83: 0 | J83: 0
A84: 1. Tài sản nhận thế chấp Assets received as pledge | B84: 001 | D84: 0 | E84: 0 | I84: 0 | J84: 0
A85: 2. Nợ khó đòi đã xử lý Written off bad debts | B85: 002 | D85: 0 | E85: 0 | I85: 0 | J85: 0
A86: 3. Ngoại tệ các loại Foreign currencies | B86: 003 | D86: 0 | E86: 0 | I86: 0 | J86: 0
A87: 4. Số lượng Chứng chỉ quỹ đang lưu hành Number of outstanding fund certificates | B87: 004 | D87: 7301218.1 | E87: 7358466.6 | I87: 6351545.5 | J87: 4142.58
A92: Công ty Cổ phần Quản lý Quỹ Đầu tư Chứng khoán Bản Việt
A94: Người lập | D94: Người duyệt
A108: Bà Phạm Trần Quỳnh Dung | D108: Bà Trần Đỗ Quyên | E108: Bà Trương Thị Thanh Ngọc
A109: Kế toán Quỹ | D109: Kế toán trưởng | E109: Giám đốc quỹ

Sheet BCLCGT_06262
A1: Mẫu số B05g - QM. Báo cáo lưu chuyển tiền tệ Template B05g - QM. Cash flow statement
A2: (Ban hành kèm theo Thông tư 198/2012/TT-BTC ngày 15 tháng 11 năm 2012 về chế độ kế toán áp dụng đối với quỹ mở) (Issued in association with Circular 198/2012/TT-BTC dated 15 Nov 2012 on the Accounting Policies for Open-Ended Fund)
A3: BÁO CÁO LƯU CHUYỂN TIỀN TỆ CASH FLOW (INDIRECT)
A5: =BCThuNhap_06203!A5 -> Quý III năm 2026 / Quarter III 2026
A7: Tên Quỹ: | B7: Quỹ Đầu tư cân bằng Bản Việt
A8: Fund name: | B8: Viet Capital Balanced Fund (VCAMBF)
A9: Tên ngân hàng giám sát: | B9: NH TMCP ĐT và PT Việt Nam CN Nam Kỳ Khởi Nghĩa
A10: Supervising bank: | B10: Bank for Investment and Development of VietNam JSC - Nam Ky Khoi Nghia Branch
A11: Tên Công ty quản lý quỹ: | B11: Công ty Cổ phần Quản lý Quỹ Đầu tư chứng khoán Bản Việt
A12: Fund Management Company: | B12: Viet Capital Asset Management Joint Stock Company
A13: Ngày lập báo cáo: | B13: =BCThuNhap_06203!B13 -> Ngày 12 tháng 10 năm 2026
A14: Reporting Date: | B14: =BCThuNhap_06203!B14 -> 46307
A16: Chỉ tiêu Indicator | B16: Mã số Code | C16: Thuyết minh Note | D16: =+BCThuNhap_06203!D17 -> Quý III năm 2026 Quarter III 2026 | E16: Quý II năm 2026 Quarter II 2026
A17: I. Lưu chuyển tiền từ hoạt động đầu tư Cash flow from investing activities | B17: I
A18: 1. Lợi nhuận trước Thuế thu nhập doanh nghiệp Profit before income tax | B18: 01 | D18: =BCThuNhap_06203!D72 -> -2870186244 | E18: 1930685646
A19: 2. Điều chỉnh cho các khoản tăng giá trị tài sản ròng từ các hoạt động đầu tư Adjustment for NAV increase from investing activities | B19: 02 | D19: =D20+D21 -> 3619863929 | E19: -341617397
A20: (- lãi) hoặc (+ lỗ) chênh lệch tỷ giá hối đoái/ đánh giá lại các khoản đầu tư chưa thực hiện Unreliased Gain or (Loss) from FX valuation/Investment revaluation | B20: 03 | D20: =+IF(BCThuNhap_06203!D70>0,-BCThuNhap_06203!D70,-BCThuNhap_06203!D70) -> 3643357071 | E20: -332081789
A21: (+) chi phí trích trước Increase of Accrued Expenses | B21: 04 | D21: =+BCTinhHinhTaiChinh_06105!D53-BCTinhHinhTaiChinh_06105!E53 -> -23493142 | E21: -9535608
A22: 3. Lợi nhuận từ hoạt động đầu tư trước thay đổi vốn lưu động Profit from investing activities before changes in working capital | B22: 05 | D22: =+D18+D19 -> 749677685 | E22: 1589068249
A23: (-) Tăng (+) giảm đầu tư (Increase), Decrease Investments | B23: 20 | D23: =+IF((BCTaiSan_06027!D26-BCTaiSan_06027!E26+BCLCGT_06262!D20)>0,-(BCTaiSan_06027!D26-BCTaiSan_06027!E26+BCLCGT_06262!D20),-(BCTaiSan_06027!D26-BCTaiSan_06027!E26+BCLCGT_06262!D20)) -> 5071683256 | E23: -21248772812
A24: (-) Tăng, (+) giảm phải thu bán chứng khoán đầu tư (Increase), Decrease in Receivables from investments sold but not yet settled | B24: 06 | D24: =+IF((BCTaiSan_06027!D39-BCTaiSan_06027!E39)>0,-(BCTaiSan_06027!D39-BCTaiSan_06027!E39),-(BCTaiSan_06027!D39-BCTaiSan_06027!E39)) -> -2631771411 | E24: 3622737730
A25: (-) Tăng, (+) giảm dự thu phải thu tiền lãi các khoản đầu tư (Increase), Decrease in Dividend and interest receivables | B25: 07 | D25: =-(BCTaiSan_06027!D33+BCTaiSan_06027!D36-BCTaiSan_06027!E33-BCTaiSan_06027!E36) -> -469185038 | E25: -87349794
A26: (-) Tăng, (+) giảm các khoản phải thu khác (Increase), Decrease in other receivables | B26: 08 | D26: 0 | E26: 0
A27: (+) Tăng, (-) giảm vay ngắn hạn Increase, (Decrease) in Short term Loans | B27: 09 | D27: 0 | E27: 0
A28: (+) Tăng, (-) giảm phải trả cho người bán (Decrease), Increase in payables for securities purchased but not yet settled | B28: 10 | D28: =+BCTaiSan_06027!D44-BCTaiSan_06027!E44 -> 1099486762 | E28: -1985078158
A29: (+) Tăng, (-) giảm phải trả các Đại lý phân phối Chứng chỉ quỹ, Công ty Quản lý Quỹ (Decrease)/increase in subscription and redemption fee payable to distributors and Fund Management Company | B29: 11 | D29: =+BCTaiSan_06027!D49-BCTaiSan_06027!E49 -> 13260847 | E29: -15089778
A30: (+) Tăng, (-) giảm phải trả thu nhập cho Nhà đầu tư Increase, (Decrease) profit distribution payables | B30: 12 | D30: =+BCTaiSan_06027!D50-BCTaiSan_06027!E50 -> 0 | E30: 0
A31: (+) Tăng, (-) giảm Thuế và các khoản phải nộp Nhà nước Increase, (Decrease) Tax payables and obligations to the State Budget | B31: 13 | D31: =+BCTaiSan_06027!D48-BCTaiSan_06027!E48 -> 1737081 | E31: 918970
A32: (+) Tăng, (-) giảm phải trả cho Nhà đầu tư về mua Chứng chỉ quỹ Increase, (Decrease) Subscription Suspense Payable | B32: 14 | D32: =+BCTaiSan_06027!D47-BCTaiSan_06027!E47 -> -6050000 | E32: -13200000
A33: (+) Tăng, (-) giảm phải trả cho Nhà đầu tư về mua lại Chứng chỉ quỹ Increase, (Decrease) Redemption payable | B33: 15 | D33: =+BCTaiSan_06027!D46-BCTaiSan_06027!E46 -> 0 | E33: -16575636
A34: (+) Tăng, (-) giảm phải trả, phải nộp khác Increase, (Decrease) Other payables | B34: 16 | D34: 0 | E34: 0
A35: (+) Tăng, (-) giảm Phải trả dịch vụ quản lý Quỹ mở Increase, (Decrease) Fund management related service expense payable | B35: 17 | D35: =+BCTinhHinhTaiChinh_06105!D63-BCTinhHinhTaiChinh_06105!E63 -> -842638 | E35: -5963669
A36: (+) Tăng, (-) giảm Thuế Thu nhập doanh nghiệp đã nộp Increase, (Decrease) Income Tax Payment | B36: 18 | D36: 0 | E36: 0
A37: Lưu chuyển tiền thuần từ hoạt động đầu tư (1+2+3) Net Cash flow from Investing activities | B37: 19 | D37: =+D22+D23+D24+D25+D28+D29+D30+D31+D34+D35+D32+D33 -> 3827996544 | E37: -18159304898
A38: II. Lưu chuyển tiền từ hoạt động tài chính Cash flow from financing activities | B38: II
A39: 1. Tiền thu từ phát hành Chứng chỉ quỹ mở Receipts from subscriptions | B39: 31 | D39: =BCKetQuaHoatDong_06028!D64 -> 2741349566 | E39: 2300582526
A40: 2. Tiền chi mua lại Chứng chỉ quỹ mở Payments for redemptions | B40: 32 | D40: =BCKetQuaHoatDong_06028!D65 -> -3958599984 | E40: -2098073545
A41: 3. Tiền vay gốc Principal of Loans | B41: 33 | D41: 0 | E41: 0
A42: 4. Tiền chi trả nợ gốc vay Payment of Principal loans | B42: 34 | D42: 0 | E42: 0
A43: 5. Tiền chi trả cổ tức, tiền lãi cho nhà đầu tư Dividend, profit distribution payment | B43: 35 | D43: =BCKetQuaHoatDong_06028!D62 -> 0 | E43: 0
A44: Lưu chuyển tiền thuần từ hoạt động tài chính (1+2+3-4+5) Net cash outflows from financing activities | B44: 30 | D44: =+D39+D40+D41-D42+D43 -> -1217250418 | E44: 202508981
A45: III. Tăng/giảm tiền thuần trong kỳ Net Increase/Decrease in cash and cash equivalent for the period | B45: 40 | D45: =+D37+D44 -> 2610746126 | E45: -17956795917
A46: IV. Tiền và các khoản tương đương tiền đầu kỳ Cash and cash equivalents at the beginning of period | B46: 50 | D46: =E51 -> 9446760417 | E46: 27403556334
A47: Tiền gửi ngân hàng đầu kỳ: Cash at bank of the beginning of period | B47: 51 | D47: =+D48+D49 -> 9446760417 | E47: 27403556334
A48: - Tiền gửi ngân hàng cho hoạt động của Quỹ Cash at bank for Fund's operation | B48: 52 | D48: =E53 -> 9427960417 | E48: 27221556334
A49: - Tiền gửi cho hoạt động mua bán của nhà đầu tư Cash at bank for Fund's subscription/redemption | B49: 53 | D49: =E54 -> 18800000 | E49: 182000000
A50: - Tiền gửi phong tỏa Frozen Account | B50: 54 | D50: 0 | E50: 0
A51: V. Tiền và các khoản tương đương tiền cuối kỳ Cash and cash equivalents at the end of period | B51: 55 | D51: =D52 -> 12057506543 | E51: 9446760417
A52: Tiền gửi ngân hàng cuối kỳ: Cash at bank of the end of period | B52: 56 | D52: =+D53+D54+D55 -> 12057506543 | E52: 9446760417
A53: - Tiền gửi ngân hàng cho hoạt động của Quỹ Cash at bank for Fund's operation | B53: 57 | D53: =BCTaiSan_06027!D24+BCTaiSan_06027!D25 -> 11979755125 | E53: 9427960417
A54: - Tiền gửi cho hoạt động mua bán của nhà đầu tư Cash at bank for Fund's subscription/redemption | B54: 58 | D54: =BCTaiSan_06027!D22+BCTaiSan_06027!D23 -> 77751418 | E54: 18800000
A55: - Tiền gửi phong tỏa Frozen Account | B55: 59 | D55: 0 | E55: 0
A56: VI. Thay đổi Tiền và các khoản tương đương tiền trong kỳ Changes in cash and cash equivalents in the period | B56: 60 | D56: =+D51-D46 -> 2610746126 | E56: -17956795917
A57: Khác Other | B57: 80
B58: Công ty Cổ phần Quản lý Quỹ Đầu tư Chứng khoán Bản Việt
A60: Người lập | D60: Người duyệt
A68: Bà Phạm Trần Quỳnh Dung | B68: Bà Trần Đỗ Quyên | D68: Bà Trương Thị Thanh Ngọc
A69: Kế toán Quỹ | B69: Kế toán trưởng | D69: Giám đốc quỹ

Sheet BCTaiSan_06027
A1: Phụ lục XXVI. Mẫu báo cáo về hoạt động của Quỹ Appendix XXVI. Report on Fund's Operation | H1: ok
A2: (Ban hành kèm theo Thông tư số 98/2020/TT-BTC ngày 16 tháng 11 năm 2020 của Bộ trưởng Bộ Tài Chính về hướng dẫn hoạt động và quản lý quỹ đầu tư chứng khoán (Issued in association with Circular 98/2020/TT-BTC dated 16 November 2020 of the Minister of Finance on guiding the operation and management of the securities investment funds
A3: BÁO CÁO HOẠT ĐỘNG ĐẦU TƯ CỦA QUỸ MỞ REPORT ON FUND'S INVESTMENT ACTIVITIES
A5: =BCTinhHinhTaiChinh_06105!A5 -> Tại ngày 30 tháng 09 năm 2026/As at 30 September 2026
A7: Tên Quỹ: | C7: Quỹ Đầu tư cân bằng Bản Việt
A8: Fund name: | C8: Viet Capital Balanced Fund (VCAMBF)
A9: Tên Công ty quản lý quỹ: | C9: Công ty Cổ phần Quản lý Quỹ Đầu tư chứng khoán Bản Việt
A10: Fund Management Company: | C10: Viet Capital Asset Management Joint Stock Company
A11: Tên ngân hàng giám sát: | C11: Ngân hàng TMCP Đầu tư và Phát triển Việt Nam CN Nam Kỳ Khởi Nghĩa
A12: Supervising bank: | C12: Bank for Investment and Development of VietNam JSC - Nam Ky Khoi Nghia Branch
A13: Ngày lập báo cáo: | C13: =BCThuNhap_06203!B13 -> Ngày 12 tháng 10 năm 2026
A14: Reporting Date: | C14: =BCThuNhap_06203!B14 -> 46307
A15: A. | B15: BÁO CÁO CHUNG VỀ HOẠT ĐỘNG ĐẦU TƯ CỦA QUỸ/GENERAL INFORMATION ON FUND'S INVESTMENT ACTIVITIES
A16: I | B16: BÁO CÁO TÀI SẢN CỦA QUỸ / ASSET REPORT
A17: STT No | B17: Nội dung Indicator | C17: Mã chỉ tiêu Code | D17: =+BCTinhHinhTaiChinh_06105!D16 -> Ngày 30 tháng 09 năm 2026 As at 30 September 2026 | E17: =BCTinhHinhTaiChinh_06105!E16 -> Ngày 30 tháng 06 năm 2026 As at 30 June 2026 | F17: %/cùng kỳ năm trước %/against last year | K17: Ngày 30 tháng 04 năm 2018 As at 30 Apr 2018
A18: I | B18: TÀI SẢN ASSETS | C18: 2200 | K18: 0
A19: I.1 | B19: Tiền và các khoản tương đương tiền Cash and Cash Equivalents | C19: 2201 | D19: 12057506543 | E19: 9446760417 | F19: 85.585805 | K19: 18924296298
B20: Tiền Cash | C20: 2202 | D20: 0 | E20: 0 | F20: 0 | K20: 0
B21: Tiền gửi ngân hàng Cash at Bank | C21: 2203 | D21: 7057506543 | E21: 2446760417 | F21: 177.42022 | K21: 10834088082
B22: Tiền gửi của nhà đầu tư cho hoạt động mua chứng chỉ quỹ Cash at bank for Fund's subscription | C22: 2203.1 | D22: 77751418 | E22: 18800000 | F22: 62.161351
B23: Tiền phải trả cho Nhà đầu tư về mua lại chứng chỉ quỹ Cash at bank for Fund's redemption | C23: 2203.2 | D23: 0 | E23: 0 | F23: 0
B24: Tiền gửi ngân hàng cho hoạt động của Quỹ Cash at bank for Fund's operation | C24: 2203.3 | D24: 6979755125 | E24: 2427960417 | F24: 181.1621
B25: Các khoản tương đương tiền Cash Equivalents | C25: 2204 | D25: 5000000000 | E25: 7000000000 | F25: 49.454221 | K25: 8090208216
A26: I.2 | B26: Các khoản đầu tư (kê chi tiết) Investments | C26: 2205 | D26: 142417827499 | E26: 151132867826 | F26: 105.67694 | K26: 54380270000
B27: Cổ phiếu niêm yết Listed shares | C27: 2205.01 | D27: 100882179000 | E27: 105443263100 | F27: 94.553929 | K27: 54104270000
B28: Cổ phiếu chưa niêm yết Unlisted shares | C28: 2205.02 | D28: 0 | E28: 3000000000 | F28: 0 | K28: 0
B29: Trái phiếu Bonds | C29: 2205.03 | D29: 0 | E29: 0 | F29: 0 | K29: 0
B30: Hợp đồng tiền gửi có kỳ hạn quá ba (03) tháng Deposit with term over three (03) months | C30: 2205.04 | D30: 41535648499 | E30: 42689604726 | F30: 148.82833 | K30: 0
B31: Chứng chỉ tiền gửi ghi danh Registered Deposit Certificate | C31: 2205.05 | D31: 0 | E31: 0 | F31: 0 | K31: 0
B32: Quyền mua chứng khoán Investments - Rights | C32: 2205.06 | D32: 0 | E32: 0 | F32: 0 | K32: 276000000
A33: I.3 | B33: Cổ tức, trái tức được nhận Dividend, Coupon Receivables | C33: 2206 | D33: 131500000 | E33: 92875000 | F33: 64.146341 | K33: 182000000
B34: Cổ tức được nhận Dividend receivables | C34: 2206.1 | D34: 131500000 | E34: 92875000 | F34: 64.146341
B35: Trái tức được nhận Coupon Receivables | C35: 2206.2 | D35: 0 | E35: 0 | F35: 0
A36: I.4 | B36: Lãi được nhận Interest Receivables | C36: 2207 | D36: 984907708 | E36: 554347670 | F36: 397.39109 | K36: 31954902
B37: Phải thu lãi tiền gửi có kỳ hạn Interest receivable from term deposit | C37: 2207.1 | D37: 984907708 | E37: 554347670 | F37: 397.39109 | K37: 31954902
B38: Phải thu lãi chứng chỉ tiền gửi ghi danh Interest receivable from registered Deposit Certificate | C38: 2207.2 | D38: 0 | E38: 0 | F38: 0 | K38: 0
A39: I.5 | B39: Tiền bán chứng khoán chờ thu Securities Trading Receivables | C39: 2208 | D39: 2631771411 | E39: 0 | F39: 105.37968 | K39: 838678093
A40: I.6 | B40: Các khoản phải thu khác Other Receivables | C40: 2210 | D40: 0 | E40: 0 | F40: 0 | K40: 0
A41: I.7 | B41: Các tài sản khác Other Assets | C41: 2211 | D41: 0 | E41: 0 | F41: 0 | H41: checking | K41: 0
A42: I.8 | B42: TỔNG TÀI SẢN TOTAL ASSETS | C42: 2212 | D42: 158223513161 | E42: 161226850913 | F42: 104.22769 | H42: 77161857907 | I42: 76787550493 | K42: 74357199293
A43: II | B43: Nợ Liability | C43: 2213 | D43: 0 | E43: 0 | F43: 0 | H43: 0 | I43: 0 | K43: 0
A44: II.1 | B44: Tiền phải thanh toán mua chứng khoán Securities Trading Payables | C44: 2214 | D44: 2804820932 | E44: 1705334170 | F44: 696.49838 | K44: 830644100
A45: II.2 | B45: Các khoản phải trả khác Other Payables | C45: 2215 | D45: 322770169 | E45: 338158021 | F45: 97.823897 | K45: 171396702
B46: Phải trả cho Nhà đầu tư về mua lại Chứng chỉ quỹ Net Redemption Payables | C46: 2215.01 | D46: 11296 | E46: 11296 | F46: 1.1785142 | K46: 0
B47: Phải trả cho Nhà đầu tư về mua Chứng chỉ quỹ Subscription Suspense Payable | C47: 2215.02 | D47: 10750000 | E47: 16800000 | F47: 20.873786 | K47: 0
B48: Thuế và các khoản phải nộp Nhà nước Taxes Payables | C48: 2215.03 | D48: 3603507 | E48: 1866426 | F48: 299.66869 | K48: 0
B49: Phải trả phí phát hành, mua lại chứng chỉ quỹ cho Đại lý phân phối và Công ty quản lý quỹ Subscription and Redemption fee payable to distributors and Fund Management Company | C49: 2215.04 | D49: 17923891 | E49: 4663044 | F49: 136.9629 | K49: 250000
B50: Phải trả thu nhập cho nhà đầu tư Income payable to investors | C50: 2215.05 | D50: 407334 | E50: 407334 | F50: 100 | K50: 0
B51: Phải trả thù lao ban đại diện quỹ Remuneration Payable to Fund's Board of Representatives | C51: 2215.06 | D51: 40500000 | E51: 40500000 | F51: 250 | K51: 6000000
B52: Phải trả công ty quản lý quỹ Management fee payable | C52: 2215.07 | D52: 154250061 | E52: 156212769 | F52: 103.14871 | K52: 56533209
B53: Phải trả phí lưu ký - bảo quản tài sản Custodian fee payable | C53: 2215.08 | D53: 20000000 | E53: 20000000 | F53: 100 | K53: 10750000
B54: Phải trả phí quản trị quỹ Fund Administration fee payable | C54: 2215.09 | D54: 16500000 | E54: 16500000 | F54: 100 | K54: 11180000
B55: Phải trả phí giám sát Supervisory service fee payable | C55: 2215.10 | D55: 5500000 | E55: 5500000 | F55: 100 | K55: 19565000
B56: Phải trả phí giao dịch chứng khoán Custodian service - Transaction fee Payables | C56: 2215.11 | D56: 1630904 | E56: 510834 | F56: 187.24909 | K56: 13050000
B57: Phải trả phí dịch vụ đại lý chuyển nhượng Transfer Agency fee payable | C57: 2215.12 | D57: 13200000 | E57: 13200000 | F57: 100 | K57: 11000000
... B64: Phải trả phí thường niên Annual Fee Payables | C64: 2215.19 | D64: 3739784 | E64: 2479490 | F64: 60.034234 | K64: 3287671
B65: Phải trả khác Other payable | C65: 2215.20 | D65: 0 | E65: 0 | F65: 0 | H65: 190555733 | I65: 293612600 | K65: 0
A66: II.3 | B66: TỔNG NỢ TOTAL LIABILITIES | C66: 2216 | D66: 3127591101 | E66: 2043492191 | F66: 426.88551 | H66: 0 | I66: 0 | K66: 1002040802
B67: Tài sản ròng của Quỹ ( = I.8 - II.3) Net Asset Value ( = I.8 - II.3) | C67: 2217 | D67: 155095922060 | E67: 159183358722 | F67: 102.66291 | H67: 76971302174 | I67: 76493937893 | K67: 73355158491
B68: Tổng số chứng chỉ quỹ đang lưu hành Total Outstanding Fund Certificates | C68: 2218 | D68: 7301218.1 | E68: 7358466.6 | F68: 106.7282 | H68: 0 | I68: 0 | K68: 6359254.6
B69: Giá trị tài sản ròng trên một đơn vị quỹ Net Asset Value per Fund Certificate | C69: 2219 | D69: 21242.47 | E69: 21632.68 | F69: 96.190981 | H69: 12110.62 | I69: 12035.51 | K69: 11535.18
H70: 0 | I70: 0
A72: Đại diện có thẩm quyền của Ngân hàng giám sát | D72: Đại diện có thẩm quyền của Công ty quản lý Quỹ
A73: Authorised Representative of Supervisory Bank | D73: Authorised Representative of Fund Management Company
A83: Ngân hàng TMCP Đầu tư và Phát triển Việt Nam CN Nam Kỳ Khởi Nghĩa | D83: Công ty CP Quản lý Quỹ Đầu tư chứng khoán Bản Việt
A84: Nguyễn Thị Minh Châu | D84: Trương Thị Thanh Ngọc
A85: Phó Giám Đốc | D85: Giám đốc quỹ

Sheet BCKetQuaHoatDong_06028
A1: Phụ lục XXVI. Mẫu báo cáo về hoạt động của Quỹ Appendix XXVI. Report on Fund's Operation
A2: (Ban hành kèm theo Thông tư số 98/2020/TT-BTC ngày 16 tháng 11 năm 2020 của Bộ trưởng Bộ Tài Chính về hướng dẫn hoạt động và quản lý quỹ đầu tư chứng khoán (Issued in association with Circular 98/2020/TT-BTC dated 16 November 2020 of the Minister of Finance on guiding the operation and management of the securities investment funds
A3: BÁO CÁO HOẠT ĐỘNG ĐẦU TƯ CỦA QuỸ MỞ REPORT ON FUND'S INVESTMENT ACTIVITIES
A5: =BCThuNhap_06203!A5 -> Quý III năm 2026 / Quarter III 2026
A7: Tên Quỹ: | C7: Quỹ Đầu tư cân bằng Bản Việt
A8: Fund name: | C8: Viet Capital Balanced Fund (VCAMBF)
A9: Tên Công ty quản lý quỹ: | C9: Công ty Cổ phần Quản lý Quỹ Đầu tư chứng khoán Bản Việt
A10: Fund Management Company: | C10: Viet Capital Asset Management Joint Stock Company
A11: Tên ngân hàng giám sát: | C11: Ngân hàng TMCP Đầu tư và Phát triển Việt Nam Chi nhánh Nam Kỳ Khởi Nghĩa
A12: Supervising bank: | C12: Bank for Investment and Development of VietNam JSC - Nam Ky Khoi Nghia Branch
A13: Ngày lập báo cáo: | C13: =BCThuNhap_06203!B13 -> Ngày 12 tháng 10 năm 2026
A14: Reporting Date: | C14: =BCThuNhap_06203!B14 -> 46307
A15: A. | B15: BÁO CÁO CHUNG VỀ HOẠT ĐỘNG ĐẦU TƯ CỦA QUỸ/GENERAL INFORMATION ON FUND'S INVESTMENT ACTIVITIES
A16: II | B16: BÁO CÁO KẾT QUẢ HOẠT ĐỘNG / PROFIT AND LOSS REPORT
A17: STT No | B17: Chỉ tiêu Indicator | C17: Mã chỉ tiêu Code | D17: Quý III năm 2026 Quarter III 2026 | E17: Quý II năm 2026 Quarter II 2026 | F17: Lũy kế từ đầu năm Accumulated from beginning of year
A18: I | B18: Thu nhập từ hoạt động đầu tư Income from Investment Activities | C18: 2220 | D18: 2114972262 | E18: 1702282264 | F18: 4633087839 | P18: 2220
A19: 1 | B19: Cổ tức, trái tức được nhận Dividend, Coupon received | C19: 2221 | D19: 1151316000 | E19: 846458000 | F19: 2155774000 | P19: 2221
B20: Cổ tức được nhận Dividend received | C20: 2221.1 | D20: 1151316000 | E20: 846458000 | F20: 2155774000
B21: Trái tức được nhận Coupon received | C21: 2221.2 | D21: 0 | E21: 0 | F21: 0
A22: 2 | B22: Lãi được nhận Income from Interest | C22: 2222 | D22: 963656262 | E22: 855824264 | F22: 2477313839 | P22: 2222
A23: 3 | B23: Các khoản thu nhập khác Other income | C23: 2223 | D23: 0 | E23: 0 | F23: 0 | P23: 2223
A24: II | B24: Chi phí Expense | C24: 2224 | D24: 890796806 | E24: 995704818 | F24: 2988776609 | P24: 2224
A25: 1 | B25: Chi phí quản lý trả cho Công ty quản lý quỹ Management Fee paid to Fund Management Company | C25: 2225 | D25: 471201191 | E25: 475919367 | F25: 1420949957 | P25: 2225
A26: 2 | B26: Chi phí lưu ký, giám sát trả cho Ngân hàng Giám sát/VSD Custody fee, Supervising fee paid to Supervising Bank/VSD | C26: 2226 | D26: 108490530 | E26: 121414807 | F26: 377398045 | P26: 2226
B27: Phí dịch vụ lưu ký - bảo quản tài sản Custodian service - Custody Fee | C27: 2226.1 | D27: 60000000 | E27: 60000000 | F27: 180000000 | P27: 2226.1
B28: Phí dịch vụ lưu ký - giao dịch chứng khoán Custodian service - Transaction fee | C28: 2226.2 | D28: 28796746 | E28: 41713961 | F28: 139022806 | P28: 2226.2
B29: Phí dịch vụ lưu ký tại VSD Custodian fee at VSD | C29: 2226.3 | D29: 3193784 | E29: 3200846 | F29: 8875239 | P29: 2226.3
B30: Phí giám sát Supervisory fee | C30: 2226.4 | D30: 16500000 | E30: 16500000 | F30: 49500000 | P30: 2226.4
A31: 3 | B31: Chi phí dịch vụ quản trị quỹ, chi phí dịch vụ đại lý chuyển nhượng và các chi phí khác mà công ty quản lý quỹ trả cho tổ chức cung cấp dịch vụ có liên quan Fund Administration Fee, Transfer Agency Fee, and other fee paid to relevant Fund's service providers | C31: 2227 | D31: 89100000 | E31: 89100000 | F31: 267300000 | P31: 2227
B32: Chi phí dịch vụ quản trị Quỹ Fund Administration Fee | C32: 2227.1 | D32: 49500000 | E32: 49500000 | F32: 148500000 | P32: 2227.1
B33: Chi phí dịch vụ Đại lý Chuyển nhượng Transfer Agency Fee | C33: 2227.2 | D33: 39600000 | E33: 39600000 | F33: 118800000 | P33: 2227.2
A34: 4 | B34: Chi phí kiểm toán trả cho tổ chức kiểm toán Audit fee | C34: 2228 | D34: 30246564 | E34: 29917797 | F34: 89753392 | P34: 2228
A35: 5 | B35: Chi phí dịch vụ tư vấn pháp lý, dịch vụ báo giá và các dịch vụ hợp lý khác, thù lao trả cho ban đại diện quỹ Legal consultancy expenses, price quotation fee, other valid expenses, remuneration payable to fund representative board | C35: 2229 | D35: 45000000 | E35: 72000000 | F35: 135000000 | P35: 2229
B36: Thù lao ban đại diện Quỹ Remuneration of Fund's Board of Representatives | C36: 2229.1 | D36: 45000000 | E36: 72000000 | F36: 135000000 | P36: 2229.1
B37: Chi phí cung cấp báo giá chứng khoán Price feed fee Expenses | C37: 2229.2 | D37: 0 | E37: 0 | F37: 0 | P37: 2229.2
A38: 6 | B38: Chi phí dự thảo, in ấn, gửi bản cáo bạch, bản cáo bạch tóm tắt, báo cáo tài chính, xác nhận giao dịch, sao kê tài khoản và các tài liệu khác cho nhà đầu tư; chi phí công bố thông tin của quỹ; chi phí tổ chức họp đại hội nhà đầu tư, ban đại diện quỹ Fee for drafting, printing, distribution of prospectus, summarised propectus, financial statements, transaction confirmations, account statements and other documents to investors; information disclosure fee; fee for organising annual general meeting, board of representatives meeting | C38: 2230 | D38: 0 | E38: 0 | F38: 0 | P38: 2230
B39: Chi phí họp Đại hội Quỹ Meeting expense | C39: 2230.1 | D39: 0 | E39: 0 | F39: 0 | P39: 2230.1
B40: Phí báo cáo thường niên Annual report expense | C40: 2230.2 | D40: 0 | E40: 0 | F40: 0 | P40: 2230.2
B41: Chi phí họp, công tác của ban đại diện Fund's Board of Representatives meeting, travelling expense | C41: 2230.3 | D41: 0 | E41: 0 | F41: 0 | P41: 2230.3
B42: Chi phí công bố thông tin của Quỹ Expenses for information disclosure of the Fund | C42: 2230.4 | D42: 0 | E42: 0 | F42: 0 | P42: 2230.4
A43: 7 | B43: Chi phí liên quan đến thực hiện các giao dịch tài sản của quỹ Expenses related to execution of fund’s asset transactions | C43: 2231 | D43: 141983727 | E43: 202569752 | F43: 684113931 | P43: 2231
B44: Chi phí môi giới Brokerage fee expense | C44: 2231.1 | D44: 141983727 | E44: 202569752 | F44: 684113931 | P44: 2231.1
B45: Chi phí thanh toán bù trừ Clearing settlement fee | C45: 2231.2 | D45: 0 | E45: 0 | F45: 0 | P45: 2231.2
A46: 8 | B46: Các loại chi phí khác Other expenses | C46: 2232 | D46: 4774794 | E46: 4783095 | F46: 14261284 | P46: 2232
B47: Chi phí thiết lập Quỹ Set up Expenses | C47: 2232.1 | D47: 0 | E47: 0 | F47: 0 | P47: 2232.1
B48: Phí niêm yết Listing fee expenses | C48: 2232.2 | D48: 0 | E48: 0 | F48: 0 | P48: 2232.2
B49: Phí quản lý thường niên Annual fee Expenses | C49: 2232.3 | D49: 1260294 | E49: 1246595 | F49: 3739784 | P49: 2232.3
B50: Phí ngân hàng Bank charges | C50: 2232.4 | D50: 3514500 | E50: 3536500 | F50: 10521500 | P50: 2232.4
B51: Phí thực hiện quyền trả cho VSD Payables to VSD for getting the list of investors | C51: 2232.5 | D51: 0 | E51: 0 | F51: 0
B52: Chi phí khác Other Expenses | C52: 2232.6 | D52: 0 | E52: 0 | F52: 0 | P52: 2232.5
A53: III | B53: Thu nhập ròng từ hoạt động đầu tư ( = I - II) Net Income from Investment Activities ( = I - II) | C53: 2233 | D53: 1224175456 | E53: 706577446 | F53: 1644311230 | P53: 2233
A54: IV | B54: Lãi (lỗ) từ hoạt động đầu tư Gain / (Loss) from Investment Activities | C54: 2234 | D54: -4094361700 | E54: 1224108200 | F54: -6191198200 | P54: 2234
A55: 1 | B55: Lãi (lỗ) thực tế phát sinh từ hoạt động đầu tư Realised Gain / (Loss) from disposal of investment | C55: 2235 | D55: -451004629 | E55: 892026411 | F55: 3346964037 | P55: 2235
A56: 2 | B56: Thay đổi về giá trị của các khoản đầu tư trong kỳ Unrealised Gain / (Loss) due to market price | C56: 2236 | D56: -3643357071 | E56: 332081789 | F56: -9538162237 | G56: checking | P56: 2236
A57: V | B57: Thay đổi của giá trị tài sản ròng của Quỹ do các hoạt động đầu tư trong kỳ (III + IV) Change of Net Asset Value of the Fund due to investment activities during the period ( = III + IV) | C57: 2237 | D57: -2870186244 | E57: 1930685646 | F57: -4546886970 | G57: 477364281 | K57: SUB | L57: REDEMPTION | P57: 2237
A58: VI | B58: Giá trị tài sản ròng đầu kỳ Net Asset Value at the beginning of period | C58: 2238 | D58: 159183358722 | E58: 157050164095 | F58: 155556615801 | G58: 0 | J58: Tháng 1 | K58: 0 | L58: 0 | P58: 2238
A59: VII | B59: Thay đổi giá trị tài sản ròng của Quỹ trong kỳ Change of Net Asset Value of the Fund during the period | C59: 2239 | D59: -4087436662 | E59: 2133194627 | F59: -460693741 | J59: Tháng 2 | P59: 2239
B60: Trong đó: Of which: | C60: 2240 | D60: 0 | E60: 0 | F60: 0 | J60: Tháng 3 | K60: 49750000 | L60: 0 | P60: 2240
A61: 1 | B61: Thay đổi giá trị tài sản ròng của Quỹ do các hoạt động liên quan đến đầu tư của Quỹ trong kỳ Change of Net Asset Value due to investment related activities during the period | C61: 2241 | D61: -2870186244 | E61: 1930685646 | F61: -4546886970 | J61: Tháng 4 | K61: 0 | L61: 0 | P61: 2239.1
A62: 2 | B62: Thay đổi giá trị tài sản ròng của Quỹ do việc phân phối thu nhập của Quỹ cho các nhà đầu tư trong kỳ Change of Net Asset Value due to profit distribution to investors during the period | C62: 2242 | D62: 0 | E62: 0 | F62: 0 | J62: Tháng 5 | P62: 2239.2
A63: 3 | B63: Thay đổi giá trị tài sản ròng do phát hành thêm/mua lại chứng chỉ quỹ Change of Net Asset Value due to subscription/redemption during the period | C63: 2239.1 | D63: -1217250418 | E63: 202508981 | F63: 4086193229
B64: Thay đổi GTTSR do phát hành thêm Chứng chỉ Quỹ Change of Net Asset Value due to subscription during the period | C64: 2239.11 | D64: 2741349566 | E64: 2300582526 | F64: 13678695803 | J64: Tháng 6 | P64: 2239.3
B65: Thay đổi GTTSR do mua lại Chứng chỉ Quỹ Change of Net Asset Value due to redemption during the period | C65: 2239.22 | D65: -3958599984 | E65: -2098073545 | F65: -9592502574 | J65: Tháng 7 | P65: 2239.4
A66: VIII | B66: Giá trị tài sản ròng cuối kỳ Net Asset Value at the end of period | C66: 2243 | D66: 155095922060 | E66: 159183358722 | F66: 155095922060 | G66: 76971302174 | H66: 76493937893 | J66: Tháng 8 | P66: 2243 | Q66: =+D66-BCTinhHinhTaiChinh_06105!D73 -> 0
G67: 0 | H67: 0 | J67: Tháng 9
J68: Tháng 10
A69: Đại diện có thẩm quyền của Ngân hàng giám sát | D69: Đại diện có thẩm quyền của Công ty quản lý Quỹ | G69: 0 | J69: Tháng 11
A70: Authorised Representative of Supervisory Bank | D70: Authorised Representative of Fund Management Company | J70: Tháng 12
J71: Total | K71: 49750000 | L71: 0
A81: NH TMCP Đầu tư và Phát triển Việt Nam CN Nam Kỳ Khởi Nghĩa | D81: Công ty CP Quản lý Quỹ Đầu tư chứng khoán Bản Việt
A82: Nguyễn Thị Minh Châu | D82: Trương Thị Thanh Ngọc
A83: Phó giám đốc chi nhánh | D83: Giám đốc quỹ

Sheet BCDanhMucDauTu_06029
A1: Phụ lục XXVI. Mẫu báo cáo về hoạt động của Quỹ Appendix XXVI. Report on Fund's Operation
A2: (Ban hành kèm theo Thông tư số 98/2020/TT-BTC ngày 16 tháng 11 năm 2020 của Bộ trưởng Bộ Tài Chính về hướng dẫn hoạt động và quản lý quỹ đầu tư chứng khoán (Issued in association with Circular 98/2020/TT-BTC dated 16 November 2020 of the Minister of Finance on guiding the operation and management of the securities investment funds)
A3: BÁO CÁO HOẠT ĐỘNG ĐẦU TƯ CỦA QUỸ MỞ REPORT ON FUND'S INVESTMENT ACTIVITIES
A5: =BCTinhHinhTaiChinh_06105!A5 -> Tại ngày 30 tháng 09 năm 2026/As at 30 September 2026
A7: Tên Quỹ: | C7: Quỹ Đầu tư cân bằng Bản Việt
A8: Fund name: | C8: Viet Capital Balanced Fund (VCAMBF)
A9: Tên Công ty quản lý quỹ: | C9: Công ty Cổ phần Quản lý Quỹ Đầu tư chứng khoán Bản Việt
A10: Fund Management Company: | C10: Viet Capital Asset Management Joint Stock Company
A11: Tên ngân hàng giám sát: | C11: Ngân hàng TMCP Đầu tư và Phát triển Việt Nam Chi nhánh Nam Kỳ Khởi Nghĩa
A12: Supervising bank: | C12: Bank for Investment and Development of VietNam JSC - Nam Ky Khoi Nghia Branch
A13: Ngày lập báo cáo: | C13: =BCThuNhap_06203!B13 -> Ngày 12 tháng 10 năm 2026
A14: Reporting Date: | C14: =BCThuNhap_06203!B14 -> 46307
A15: A. | B15: BÁO CÁO CHUNG VỀ HOẠT ĐỘNG ĐẦU TƯ CỦA QUỸ/GENERAL INFORMATION ON FUND'S INVESTMENT ACTIVITIES
A16: III | B16: BÁO CÁO VỀ TÌNH HÌNH DANH MỤC ĐẦU TƯ CỦA QUỸ / INVESTMENT PORTFOLIO REPORT
A17: STT/No. | B17: Loại Category | C17: Mã chỉ tiêu Code | D17: Số Lượng Quantity | E17: Giá thị trường hoặc giá trị hợp lý tại ngày báo cáo Market price | F17: Tổng giá trị (Đồng) Value (VND) | G17: Tỷ lệ % Tổng giá trị tài sản của Quỹ % of total asset
A18: I | B18: CỔ PHIẾU NIÊM YẾT LISTED EQUITY | C18: 2246
A19: 1 | B19: ABB | C19: 2246.1 | D19: 259750 | E19: 18100 | F19: =+D19*E19 -> 4701475000 | G19: =+F19/$F$79 -> 0.029714136
A20: 2 | B20: ACB | C20: 2246.2 | D20: 298500 | E20: 21100 | F20: =+D20*E20 -> 6298350000 | G20: =+F20/$F$79 -> 0.039806663
A21: 3 | B21: BSR | C21: 2246.3 | D21: 120000 | E21: 31400 | F21: =+D21*E21 -> 3768000000 | G21: =+F21/$F$79 -> 0.023814412
A22: 4 | B22: BVH | C22: 2246.4 | D22: 55000 | E22: 74500 | F22: =+D22*E22 -> 4097500000 | G22: =+F22/$F$79 -> 0.025896909
A23: 5 | B23: BWE | C23: 2246.5 | D23: 40000 | E23: 40800 | F23: =+D23*E23 -> 1632000000 | G23: =+F23/$F$79 -> 0.010314523
A24: 6 | B24: DCM | C24: 2246.6 | D24: 70000 | E24: 33500 | F24: =+D24*E24 -> 2345000000 | G24: =+F24/$F$79 -> 0.014820806
A25: 7 | B25: DHC | C25: 2246.7 | D25: 80000 | E25: 39650 | F25: =+D25*E25 -> 3172000000 | G25: =+F25/$F$79 -> 0.020047589
A26: 8 | B26: DPR | C26: 2246.8 | D26: 50000 | E26: 38600 | F26: =+D26*E26 -> 1930000000 | G26: =+F26/$F$79 -> 0.012197934
A27: 9 | B27: FOX | C27: 2246.9 | D27: 30000 | E27: 60000 | F27: =+D27*E27 -> 1800000000 | G27: =+F27/$F$79 -> 0.011376312
A28: 10 | B28: FPT | C28: 2246.10 | D28: 38591 | E28: 63000 | F28: =+D28*E28 -> 2431233000 | G28: =+F28/$F$79 -> 0.015365814
A29: 11 | B29: GAS | C29: 2246.11 | D29: 25000 | E29: 82000 | F29: =+D29*E29 -> 2050000000 | G29: =+F29/$F$79 -> 0.012956355
A30: 12 | B30: HAH | C30: 2246.12 | D30: 40000 | E30: 52200 | F30: =+D30*E30 -> 2088000000 | G30: =+F30/$F$79 -> 0.013196522
... A53: 35 | B53: VPL | C53: 2246.35 | D53: 30000 | E53: 79200 | F53: =+D53*E53 -> 2376000000 | G53: =+F53/$F$79 -> 0.015016731
B54: TỔNG TOTAL | C54: 2247 | D54: =SUM(D19:D53) -> 3320756 | F54: =SUM(F19:F53) -> 100882179000 | G54: =+F54/$F$79 -> 0.63759284
A55: II | B55: CỔ PHIẾU CHƯA NIÊM YẾT UNLISTED EQUITY | C55: 2248 | G55: =+F55/$F$79 -> 0
B56: TỔNG TOTAL | C56: 2249
B57: TỔNG CÁC LOẠI CỔ PHIẾU TOTAL | C57: 2250 | D57: =+D54+D56 -> 3320756 | E57: 0 | F57: =+F54+F56 -> 100882179000 | G57: =+F57/$F$79 -> 0.63759284
A58: III | B58: TRÁI PHIẾU BONDS | C58: 2251 | G58: =+F58/$F$79 -> 0
B59: TỔNG TOTAL | C59: 2252 | D59: 0 | F59: 0 | G59: =+F59/$F$79 -> 0
A60: IV | B60: CÁC LOẠI CHỨNG KHOÁN KHÁC OTHER SECURITIES | C60: 2253 | G60: =+F60/$F$79 -> 0
A61: 1 | B61: Quyền mua Rights | C61: 2253.1 | F61: =+BCTinhHinhTaiChinh_06105!D31 -> 0 | G61: =+F61/$F$79 -> 0
B62: TỔNG TOTAL | C62: 2254 | D62: =+D61 -> 0 | F62: =+F61 -> 0 | G62: =+F62/$F$79 -> 0
B63: TỔNG CÁC LOẠI CHỨNG KHOÁN SECURITIES INVESTMENT TOTAL | C63: 2255 | D63: =+D57+D59+D62 -> 3320756 | E63: 0 | F63: =+F57+F59+F62 -> 100882179000 | G63: =+F63/$F$79 -> 0.63759284
A64: V | B64: CÁC TÀI SẢN KHÁC OTHER ASSETS | C64: 2256 | G64: =+F64/$F$79 -> 0
A65: 1 | B65: Cổ tức được nhận Dividend receivables | C65: 2256.1 | D65: 0 | E65: 0 | F65: =+BCTaiSan_06027!D33 -> 131500000 | G65: =+F65/$F$79 -> 0.00083110277
A66: 2 | B66: Lãi trái phiếu được nhận Coupon receivables | C66: 2256.2 | D66: 0 | E66: 0 | F66: 0 | G66: =+F66/$F$79 -> 0
A67: 3 | B67: Lãi tiền gửi được nhận Interest receivables from deposits | C67: 2256.3 | D67: 0 | E67: 0 | F67: =+BCTaiSan_06027!D37 -> 984907708 | G67: =+F67/$F$79 -> 0.0062247873
A68: 4 | B68: Phải thu lãi chứng chỉ tiền gửi ghi danh Interest receivable from registered Deposit Certificate | C68: 2256.4 | D68: 0 | E68: 0 | F68: =+BCTaiSan_06027!D38 -> 0 | G68: =+F68/$F$79 -> 0 | I68: Tach lai CD va TD
A69: 5 | B69: Tiền bán chứng khoán chờ thu Outstanding Settlement of sales transactions | C69: 2256.5 | D69: 0 | E69: 0 | F69: =+BCTaiSan_06027!D39 -> 2631771411 | G69: =+F69/$F$79 -> 0.016633251
A70: 6 | B70: Phải thu khác Other receivables | C70: 2256.6 | D70: 0 | E70: 0 | F70: 0 | G70: =+F70/$F$79 -> 0
A71: 7 | B71: Tài sản khác Other investments | C71: 2256.7 | D71: 0 | E71: 0 | F71: 0 | G71: =+F71/$F$79 -> 0
B72: TỔNG TOTAL | C72: 2257 | D72: 0 | E72: 0 | F72: =+SUM(F65:F71) -> 3748179119 | G72: =+F72/$F$79 -> 0.023689141
A73: VI | B73: TIỀN CASH | C73: 2258 | D73: 0 | E73: 0 | G73: =+F73/$F$79 -> 0
A74: 1 | B74: Tiền, tương đương tiền Cash, Cash Equivalents | C74: 2259 | D74: 0 | E74: 0 | F74: =+BCTaiSan_06027!D19 -> 12057506543 | G74: =+F74/$F$79 -> 0.076205529
A75: 2 | B75: Tiền gửi ngân hàng có kỳ hạn trên 03 tháng Deposits with term over three (03) months | C75: 2260 | F75: =+BCTaiSan_06027!D30 -> 41535648499 | G75: =+F75/$F$79 -> 0.26251249
A76: 3 | B76: Chứng chỉ tiền gửi Certificate of deposit | C76: 2261 | D76: 0 | E76: 0 | F76: 0 | G76: =+F76/$F$79 -> 0
A77: 4 | B77: Công cụ chuyển nhượng… Registered certificate of deposit | C77: 2262 | D77: 0 | E77: 0 | F77: 0 | G77: =+F77/$F$79 -> 0
B78: TỔNG TOTAL | C78: 2263 | F78: =+SUM(F74:F77) -> 53593155042 | G78: =+F78/$F$79 -> 0.33871802
A79: VII | B79: Tổng giá trị danh mục Total value of portfolio | C79: 2264 | F79: =+F78+F72+F63 -> 158223513161 | G79: =+F79/$F$79 -> 1 | I79: checking | J79: =+F79-BCTaiSan_06027!D42 -> 0
I80: 77161857907
I81: 0
A82: Đại diện có thẩm quyền của Ngân hàng giám sát | E82: Đại diện có thẩm quyền của Công ty quản lý Quỹ
A83: Authorised Representative of Supervisory Bank | E83: Authorised Representative of Fund Management Company
A93: NH TMCP Đầu tư và Phát triển Việt Nam CN Nam Kỳ Khởi Nghĩa | E93: Công ty CP Quản lý Quỹ Đầu tư chứng khoán Bản Việt
A94: Nguyễn Thị Minh Châu | E94: Trương Thị Thanh Ngọc
A95: Phó giám đốc chi nhánh | E95: Giám đốc quỹ

Sheet BCHoatDongVay_06026
A1: Phụ lục XXVI. Mẫu báo cáo về hoạt động của Quỹ Appendix XXVI. Report on Fund's Operation
A2: (Ban hành kèm theo Thông tư số 98/2020/TT-BTC ngày 16 tháng 11 năm 2020 của Bộ trưởng Bộ Tài Chính về hướng dẫn hoạt động và quản lý quỹ đầu tư chứng khoán (Issued in association with Circular 98/2020/TT-BTC dated 16 November 2020 of the Minister of Finance on guiding the operation and management of the securities investment funds)
A3: BÁO CÁO HOẠT ĐỘNG ĐẦU TƯ CỦA QUỸ MỞ REPORT ON FUND'S INVESTMENT ACTIVITIES
A4: =BCThuNhap_06203!A5 -> Quý III năm 2026 / Quarter III 2026
A6: Tên Quỹ: | G6: Quỹ Đầu tư cân bằng Bản Việt
A7: Fund name: | G7: Viet Capital Balanced Fund (VCAMBF)
A8: Tên Công ty quản lý quỹ: | G8: Công ty Cổ phần Quản lý Quỹ Đầu tư chứng khoán Bản Việt
A9: Fund Management Company: | G9: Viet Capital Asset Management Joint Stock Company
A10: Tên ngân hàng giám sát: | G10: Ngân hàng TMCP Đầu tư và Phát triển Việt Nam Chi nhánh Nam Kỳ Khởi Nghĩa
A11: Supervising bank: | G11: Bank for Investment and Development of VietNam JSC - Nam Ky Khoi Nghia Branch
A12: Ngày lập báo cáo: | G12: =BCThuNhap_06203!B13 -> Ngày 12 tháng 10 năm 2026
A13: Reporting Date: | G13: =BCThuNhap_06203!B14 -> 46307
A14: A. | B14: BÁO CÁO CHUNG VỀ HOẠT ĐỘNG ĐẦU TƯ CỦA QUỸ/GENERAL INFORMATION ON FUND'S INVESTMENT ACTIVITIES
A15: IV | B15: BÁO CÁO HOẠT ĐỘNG VAY, GIAO DỊCH MUA BÁN LẠI / REPORT ON BORROWING OPERATION, REPO/REVERSE REPO TRANSACTIONS
A16: STT No. | B16: Nội dung hoạt động (nêu chi tiết theo mục tiêu và đối tác) Description | C16: Mã chỉ tiêu Code | D16: Đối tác Counterparty | E16: Mục tiêu/Tài sản đảm bảo Collateral | F16: Kỳ hạn Term | G16: Giá trị khoản vay hoặc khoản cho vay Amount | H16: Thời điểm giao dịch As at transaction date | J16: Thời điểm báo cáo As at reporting date
H17: Ngày tháng năm Date | I17: Tỷ lệ giá trị hợp đồng/giá trị tài sản ròng của quỹ Balance/NAV | J17: Ngày tháng năm Date | K17: Tỷ lệ giá trị hợp đồng/giá trị tài sản ròng của quỹ Balance/NAV
A18: 1 | B18: Các khoản vay tiền (nêu chi tiết từng hợp đồng) Borrowings (detail by each contract) | C18: 2287
A19: I | B19: Tổng giá trị các khoản vay tiền/giá trị tài sản ròng Borrowings/NAV | C19: 2288
A20: 2 | B20: Hợp đồng Repo (nêu chi tiết từng hợp đồng) Repo contract (detail by each contract) | C20: 2289
A21: II | B21: Tổng giá trị các hợp đồng Repo/giá trị tài sản ròng Total value of Repo contracts/NAV | C21: 2290
A22: A | B22: Tổng giá trị các khoản vay/giá trị tài sản ròng (=I+II) Total Borrowings, Repo/NAV (=I+II) | C22: 2291
A23: 3 | B23: Cho vay chứng khoán (nêu chi tiết từng hợp đồng) Securities lending (detail by each contract) | C23: 2292
A24: III | B24: Tổng giá trị các hợp đồng/giá trị tài sản ròng Total contract value/NAV | C24: 2293
A25: 4 | B25: Hợp đồng Reverse Repo (nêu chi tiết từng hợp đồng) Reverse Repo contract (Detail by each contract) | C25: 2295
A26: IV | B26: Tổng giá trị các hợp đồng/giá trị tài sản ròng Total contract value/NAV | C26: 2296
A27: B | B27: Tổng giá trị các khoản cho vay/giá trị tài sản ròng (=III + IV) Total Loans/NAV (=III + IV) | C27: 2297
A30: * Ghi chú: kỳ báo cáo không phát sinh
A32: Đại diện có thẩm quyền của Ngân hàng giám sát | I32: Đại diện có thẩm quyền của Công ty quản lý Quỹ
A33: Authorised Representative of Supervisory Bank | I33: Authorised Representative of Fund Management Company
A44: Ngân hàng TMCP Đầu tư và Phát triển Việt Nam Chi nhánh Nam Kỳ Khởi Nghĩa | I44: Công ty CP Quản lý Quỹ Đầu tư chứng khoán Bản Việt
A45: Nguyễn Thị Minh Châu | I45: Trương Thị Thanh Ngọc
A46: Phó giám đốc chi nhánh | I46: Giám đốc quỹ

Sheet Khac_06030
A1: Phụ lục XXVI. Mẫu báo cáo về hoạt động của Quỹ Appendix XXVI. Report on Fund's Operation
A2: (Ban hành kèm theo Thông tư số 98/2020/TT-BTC ngày 16 tháng 11 năm 2020 của Bộ trưởng Bộ Tài Chính về hướng dẫn hoạt động và quản lý quỹ đầu tư chứng khoán (Issued in association with Circular 98/2020/TT-BTC dated 16 November 2020 of the Minister of Finance on guiding the operation and management of the securities investment funds)
A3: BÁO CÁO HOẠT ĐỘNG ĐẦU TƯ CỦA QUỸ MỞ REPORT ON FUND'S INVESTMENT ACTIVITIES
A5: =BCThuNhap_06203!A5 -> Quý III năm 2026 / Quarter III 2026
A7: Tên Quỹ: | C7: Quỹ Đầu tư cân bằng Bản Việt
A8: Fund name: | C8: Viet Capital Balanced Fund (VCAMBF)
A9: Tên Công ty quản lý quỹ: | C9: Công ty Cổ phần Quản lý Quỹ Đầu tư chứng khoán Bản Việt
A10: Fund Management Company | C10: Viet Capital Asset Management Joint Stock Company
A11: Tên ngân hàng giám sát: | C11: Ngân hàng TMCP Đầu tư và Phát triển Việt Nam Chi nhánh Nam Kỳ Khởi Nghĩa
A12: Supervising bank: | C12: Bank for Investment and Development of VietNam JSC - Nam Ky Khoi Nghia Branch
A13: Ngày lập báo cáo: | C13: =BCThuNhap_06203!B13 -> Ngày 12 tháng 10 năm 2026
A14: Reporting Date: | C14: =BCThuNhap_06203!B14 -> 46307
A15: A. | B15: BÁO CÁO CHUNG VỀ HOẠT ĐỘNG ĐẦU TƯ CỦA QUỸ/GENERAL INFORMATION ON FUND'S INVESTMENT ACTIVITIES
A16: V | B16: MỘT SỐ CHỈ TIÊU KHÁC / OTHER INDICATORS
A17: STT/No. | B17: Chỉ tiêu/Indicators | C17: Mã chỉ tiêu/Code | D17: =BCKetQuaHoatDong_06028!D17 -> Quý III năm 2026 Quarter III 2026 | E17: Quý II năm 2026 Quarter II 2026
A18: I | B18: CÁC CHỈ TIÊU VỀ HIỆU QUẢ HOẠT ĐỘNG INVESTMENT PERFORMANCE INDICATORS | C18: 2264
A19: 1 | B19: Tỷ lệ giá dịch vụ quản lý quỹ trả cho công ty quản lý quỹ/Giá trị tài sản ròng trung bình trong kỳ (%) Management fee paid to the fund management company/Average NAV (%) | C19: 2265 | D19: 0.012110261 | E19: 0.011964188
A20: 2 | B20: Tỷ lệ giá dịch vụ lưu ký, giám sát trả cho Ngân hàng Giám sát/Giá trị tài sản ròng trung bình trong kỳ (%) Custody and supervising fees paid to the Supervisory Bank/Average NAV (%) | C20: 2266 | D20: 0.0027882966 | E20: 0.00305226
A21: 3 | B21: Tỷ lệ chi phí dịch vụ quản trị quỹ, và các chi phí khác mà công ty quản lý quỹ trả cho tổ chức cung cấp dịch vụ có liên quan/Giá trị tài sản ròng của quỹ trung bình trong kỳ (%) Fund admin fee, and other fees paid to relating services providers by the fund management company/Average NAV (%) | C21: 22661 | D21: 0.0022899439 | E21: 0.0022398945
A22: 4 | B22: Chi phí kiểm toán trả cho tổ chức kiểm toán (nếu phát sinh) / Giá trị tài sản ròng trung bình trong kỳ (%) Audit fee expense over average NAV ratio (%) | C22: 2267 | D22: 0.00077736177 | E22: 0.00075210674
A23: 5 | B23: Chi phí dịch vụ tư vấn pháp lý, dịch vụ báo giá và các dịch vụ hợp lý khác, thù lao trả cho ban đại diện quỹ / Giá trị tài sản ròng trung bình trong kỳ (%) Legal consultancy, OTC price quotation and other valid service fees; Board of Representatives' remuneration expense over average NAV ratio (%) | C23: 2268 | D23: 0.0011565373 | E23: 0.0018100158
A24: 6 | B24: Tỷ lệ chi phí /Giá trị tài sản ròng trung bình trong kỳ (%) Expense/Average NAV (%) | C24: 2269 | D24: 0.022894217 | E24: 0.025031131
A25: 7 | B25: Tốc độ vòng quay danh mục trong kỳ (%) = (Tổng giá trị mua vào + tổng giá trị bán ra) x 100%/ (2 x Giá trị tài sản ròng trung bình trong kỳ) Portfolio turnover rate (%) = (Total value of purchase transactions + total value of sales transactions) x 100%/ (2 x Average NAV) (**) | C25: 2270 | D25: 1.2227699 | E25: 1.7442331
A26: II | B26: CÁC CHỈ TIÊU KHÁC OTHER INDICATORS | C26: 2272
A27: 1 | B27: Quy mô quỹ đầu kỳ (tính theo mệnh giá chứng chỉ quỹ) Fund scale at the beginning of the period (based on par value of fund certificate) | C27: 2273 | D27: 73584666152 | E27: 73478524152
B28: Tổng giá trị chứng chỉ quỹ đang lưu hành đầu kỳ Total value of outstanding Fund Certificate at the beginning of period | C28: 2274 | D28: 73584666152 | E28: 73478524152
B29: Tổng số lượng đơn vị quỹ đang lưu hành đầu kỳ Total number of outstanding Fund Certificate at the beginning of period | C29: 2275 | D29: 7358466.6 | E29: 7347852.4
A30: 2 | B30: Thay đổi quy mô quỹ trong kỳ (tính theo mệnh giá chứng chỉ quỹ) Change of Fund scale during the period (based on par value of fund certificate) | C30: 2276 | D30: -5.724849e+08 | E30: 1.06142e+08
B31: Thay đổi số lượng chứng chỉ quỹ trong kỳ Change of Number of Fund Certificates during the period | C31: 2276.1 | D31: -57248.49 | E31: 10614.2
B32: Thay đổi giá trị vốn trong kỳ (theo mệnh giá) Change in capital amount during the period (based on par value) | C32: 2276.2 | D32: -5.724849e+08 | E32: 1.06142e+08
B33: Số lượng đơn vị quỹ phát hành thêm trong kỳ Number of Fund Certificates subscribed during the period | C33: 2277 | D33: 131173.28 | E33: 107031.24
B34: Giá trị vốn huy động thêm trong kỳ (theo mệnh giá) Net subscription amount in period (based on par value) | C34: 2278 | D34: 1311732800 | E34: 1070312400
B35: Số lượng đơn vị quỹ mua lại trong kỳ Number of Fund Certificates redeemed during the period | C35: 22781 | D35: -188421.77 | E35: -96417.04
B36: Giá trị vốn phải thanh toán trong kỳ khi đáp ứng lệnh của nhà đầu tư (theo mệnh giá) Net redemption amount in period (based on par value) | C36: 22782 | D36: -1.8842177e+09 | E36: -9.641704e+08
A37: 3 | B37: Quy mô quỹ cuối kỳ (tính theo mệnh giá chứng chỉ quỹ) Fund scale at the end of the period (based on par value of fund unit) | C37: 2279 | D37: 73012181252 | E37: 73584666152 | F37: =+D37-BCTinhHinhTaiChinh_06105!D74 -> 0
B38: Tổng giá trị chứng chỉ quỹ đang lưu hành cuối kỳ Total value of outstanding Fund Certificate at the end of the period | C38: 2280 | D38: 73012181252 | E38: 73584666152
B39: Tổng số lượng đơn vị quỹ đang lưu hành cuối kỳ Total number of outstanding Fund Certificate at the end of the period | C39: 2281 | D39: 7301218.1 | E39: 7358466.6 | F39: =+D39-BCTinhHinhTaiChinh_06105!D87 -> 0
A40: 4 | B40: Tỷ lệ nắm giữ chứng chỉ quỹ của công ty quản lý quỹ và người có liên quan cuối kỳ Fund Management Company and related parties' ownership ratio at the end of the period | C40: 2282 | D40: 0.7443 | E40: 0.73929824
A41: 5 | B41: Tỷ lệ nắm giữ chứng chỉ quỹ của 10 nhà đầu tư lớn nhất cuối kỳ Top 10 investors' ownership ratio at the end of the period | C41: 2283 | D41: 0.8618 | E41: 0.8597
A42: 6 | B42: Tỷ lệ nắm giữ chứng chỉ quỹ của nhà đầu tư nước ngoài cuối kỳ Foreign investors' ownership ratio at the end of the period | C42: 2284 | D42: 0.0073250503 | E42: 0.0094
A43: 7 | B43: Giá trị tài sản ròng trên một đơn vị quỹ cuối tháng Net asset value per Fund Certificate at the end of period | C43: 2285 | D43: 21242.47 | E43: 21632.68
A44: 8 | B44: Số nhà đầu tư tham gia vào quỹ, kể cả giao dịch ký danh Number of investors of the Fund at the end of the period | C44: 22841 | D44: 1249 | E44: 1178
A46: Ghi chú/ Notes:
B47: Các chỉ tiêu từ 1 đến 7 của "Chỉ tiêu về hiệu quả hoạt động" đã được điều chỉnh để phản ánh số liệu trên cơ sở hoạt động tròn năm bằng cách nhân các chỉ tiêu này với 4. All Indicators starting from number 1 to 7 of "Investment performance indicators" are annualized to reflect a rate that is based on a full year operation by multiplying these indicators with 4.
A49: Đại diện có thẩm quyền của Ngân hàng giám sát | D49: Đại diện có thẩm quyền của Công ty quản lý Quỹ
A50: Authorised Representative of Supervisory Bank | D50: Authorised Representative of Fund Management Company
A62: Ngân hàng TMCP Đầu tư và Phát triển Việt Nam Chi nhánh Nam Kỳ Khởi Nghĩa | D62: Công ty CP Quản lý Quỹ Đầu tư chứng khoán Bản Việt
A63: Nguyễn Thị Minh Châu | D63: Trương Thị Thanh Ngọc
A64: Phó giám đốc chi nhánh | D64: Giám đốc quỹ

Sheet Sheet1
B1: 155555708609 | E1: 123973113747
B2: 155552986029 | E2: 124046945711
B3: 155085383693 | E3: 122539846376
B4: 156124882926 | E4: 121675988948
B5: 157910120071 | E5: 121836245728
B6: 157582455940 | E6: 121886933925
B7: 158064562745 | E7: 121728465863
B8: 160299582548 | E8: 120679092542
B9: 160915755347 | E9: 121158920738
B10: 162087038274 | E10: 120597260851
B11: 162151199766 | E11: 120965371791
B12: 163148105783 | E12: 121252043652
... B62: 157050164095 | E62: 120169595857
B63: =SUM(B1:B62)/62 -> 1.6021171e+11 | E63: =SUM(E1:E62)/62 -> 1.2242239e+11

Sheet THU NHAP
A1: Chỉ tiêu | B1: Mã số | C1: Thuyết minh | D1: Năm N | F1: Năm N-1
D2: Kỳ này | E2: Kỳ trước | F2: Kỳ này | G2: Kỳ trước
A3: I. THU NHẬP, DOANH THU HOẠT ĐỘNG ĐẦU TƯ | B3: 01 | D3: =BCThuNhap_06203!D18 -> -1979389438 | E3: =BCThuNhap_06203!E18 -> -1558110361 | F3: =BCThuNhap_06203!F18 -> 17531698825 | G3: =BCThuNhap_06203!G18 -> 23150838059
A4: 1.1. Cổ tức được chia | B4: 02 | D4: =BCThuNhap_06203!D19 -> 1151316000 | E4: =BCThuNhap_06203!E19 -> 2155774000 | F4: =BCThuNhap_06203!F19 -> 489617300 | G4: =BCThuNhap_06203!G19 -> 1178560300
A5: 1.2. Tiền lãi được nhận | B5: 03 | D5: =BCThuNhap_06203!D22 -> 963656262 | E5: =BCThuNhap_06203!E22 -> 2477313839 | F5: =BCThuNhap_06203!F22 -> 419020725 | G5: =BCThuNhap_06203!G22 -> 1151031159
A6: 1.3. Lãi, lỗ bán các khoản đầu tư | B6: 04 | D6: =BCThuNhap_06203!D25 -> -451004629 | E6: =BCThuNhap_06203!E25 -> 3346964037 | F6: =BCThuNhap_06203!F25 -> 6528016513 | G6: =BCThuNhap_06203!G25 -> 14132069264
A7: 1.4. Chênh lệch tăng, giảm đánh giá lại các khoản đầu tư chưa thực hiện | B7: 05 | D7: =BCThuNhap_06203!D26 -> -3643357071 | E7: =BCThuNhap_06203!E26 -> -9538162237 | F7: =BCThuNhap_06203!F26 -> 10095044287 | G7: =BCThuNhap_06203!G26 -> 6689177336
A8: 1.5. Doanh thu khác | B8: 06 | D8: =BCThuNhap_06203!D27 -> 0 | E8: =BCThuNhap_06203!E27 -> 0 | F8: =BCThuNhap_06203!F27 -> 0 | G8: =BCThuNhap_06203!G27 -> 0
A9: 1.6. Chênh lệch lãi, lỗ tỷ giá hối đoái đã và chưa thực hiện | B9: 07 | D9: =BCThuNhap_06203!D28 -> 0 | E9: =BCThuNhap_06203!E28 -> 0 | F9: =BCThuNhap_06203!F28 -> 0 | G9: =BCThuNhap_06203!G28 -> 0
A10: 1.7. Doanh thu khác về đầu tư | B10: 08 | D10: =BCThuNhap_06203!D29 -> 0 | E10: =BCThuNhap_06203!E29 -> 0 | F10: =BCThuNhap_06203!F29 -> 0 | G10: =BCThuNhap_06203!G29 -> 0
A11: 1.8. Dự phòng nợ phải thu và dự thu khó đòi về cổ tức, tiền lãi và xử lý tổn thất nợ phải thu khó đòi về cổ tức, tiền lãi | B11: 09 | D11: =BCThuNhap_06203!D30 -> 0 | E11: =BCThuNhap_06203!E30 -> 0 | F11: =BCThuNhap_06203!F30 -> 0 | G11: =BCThuNhap_06203!G30 -> 0
A12: II. CHI PHÍ ĐẦU TƯ | B12: 10 | D12: =BCThuNhap_06203!D31 -> 141983727 | E12: =BCThuNhap_06203!E31 -> 684113931 | F12: =BCThuNhap_06203!F31 -> 183089026 | G12: =BCThuNhap_06203!G31 -> 437240953
A13: 2.1. Chi phí giao dịch mua, bán các khoản đầu tư | B13: 11 | D13: =BCThuNhap_06203!D32 -> 141983727 | E13: =BCThuNhap_06203!E32 -> 684113931 | F13: =BCThuNhap_06203!F32 -> 183089026 | G13: =BCThuNhap_06203!G32 -> 437240953
A14: 2.2.Chi phí dự phòng nợ phải thu khó đòi và xử lý tổn thất phải thu khó đòi | B14: 12 | D14: =BCThuNhap_06203!D35 -> 0 | E14: =BCThuNhap_06203!E35 -> 0 | F14: =BCThuNhap_06203!F35 -> 0 | G14: =BCThuNhap_06203!G35 -> 0
A15: 2.3. Chi phí lãi vay | B15: 13 | D15: =BCThuNhap_06203!D36 -> 0 | E15: =BCThuNhap_06203!E36 -> 0 | F15: =BCThuNhap_06203!F36 -> 0 | G15: =BCThuNhap_06203!G36 -> 0
A16: 2.4. Chi phí dự phòng giảm giá tài sản nhận thế chấp và xử lý tổn thất các khoản đầu tư cho vay có tài sản nhận thế chấp | B16: 14 | D16: =BCThuNhap_06203!D37 -> 0 | E16: =BCThuNhap_06203!E37 -> 0 | F16: =BCThuNhap_06203!F37 -> 0 | G16: =BCThuNhap_06203!G37 -> 0
A17: 2.5.Chi phí đầu tư khác | B17: 15 | D17: =BCThuNhap_06203!D38 -> 0 | E17: =BCThuNhap_06203!E38 -> 0 | F17: =BCThuNhap_06203!F38 -> 0 | G17: =BCThuNhap_06203!G38 -> 0
A18: III. CHI PHÍ HOẠT ĐỘNG QUỸ MỞ | B18: 20 | D18: =BCThuNhap_06203!D39 -> 748813079 | E18: =BCThuNhap_06203!E39 -> 2304662678 | F18: =BCThuNhap_06203!F39 -> 693587949 | G18: =BCThuNhap_06203!G39 -> 1909311042
A19: 3.1.Phí quản lý Quỹ mở | B19: 20.1 | D19: =BCThuNhap_06203!D40 -> 471201191 | E19: =BCThuNhap_06203!E40 -> 1420949957 | F19: =BCThuNhap_06203!F40 -> 432730834 | G19: =BCThuNhap_06203!G40 -> 1151257154
A20: 3.2. Phí dịch vụ lưu ký tài sản Quỹ mở | B20: 20.2 | D20: =BCThuNhap_06203!D41 -> 91990530 | E20: =BCThuNhap_06203!E41 -> 327898045 | F20: =BCThuNhap_06203!F41 -> 103375017 | G20: =BCThuNhap_06203!G41 -> 281558077
A21: 3.3. Phí dịch vụ giám sát | B21: 20.3 | D21: =BCThuNhap_06203!D45 -> 16500000 | E21: =BCThuNhap_06203!E45 -> 49500000 | F21: =BCThuNhap_06203!F45 -> 16500000 | G21: =BCThuNhap_06203!G45 -> 49500000
A22: 3.4. Phí dịch vụ quản trị Quỹ mở | B22: 20.4 | D22: =BCThuNhap_06203!D46 -> 49500000 | E22: =BCThuNhap_06203!E46 -> 148500000 | F22: =BCThuNhap_06203!F46 -> 49500000 | G22: =BCThuNhap_06203!G46 -> 148500000
A23: 3.5. Phí dịch vụ Đại lý chuyển nhượng | B23: 20.5 | D23: =BCThuNhap_06203!D47 -> 39600000 | E23: =BCThuNhap_06203!E47 -> 118800000 | F23: =BCThuNhap_06203!F47 -> 39600000 | G23: =BCThuNhap_06203!G47 -> 118800000
A24: 3.6. Phí dịch vụ khác của Nhà cung cấp dịch vụ cho Quỹ mở | B24: 20.6 | D24: =BCThuNhap_06203!D48 -> 0 | E24: =BCThuNhap_06203!E48 -> 0 | F24: =BCThuNhap_06203!F48 -> 0 | G24: =BCThuNhap_06203!G48 -> 0
A25: 3.7. Chi phí họp, Đại hội Quỹ mở | B25: 20.7 | D25: =BCThuNhap_06203!D49 -> 0 | E25: =BCThuNhap_06203!E49 -> 0 | F25: =BCThuNhap_06203!F49 -> 0 | G25: =BCThuNhap_06203!G49 -> 0
A26: 3.8. Chi phí kiểm toán | B26: 20.8 | D26: =BCThuNhap_06203!D50 -> 30246564 | E26: =BCThuNhap_06203!E50 -> 89753392 | F26: =BCThuNhap_06203!F50 -> 30246564 | G26: =BCThuNhap_06203!G50 -> 89753392
A27: 3.9. Chi phí thanh lý tài sản Quỹ mở | B27: 20.9 | D27: =BCThuNhap_06203!D51 -> 0 | E27: =BCThuNhap_06203!E51 -> 0 | F27: =BCThuNhap_06203!F51 -> 0 | G27: =BCThuNhap_06203!G51 -> 0
A28: 3.10. Chi phí hoạt động khác | B28: 20.10 | D28: =BCThuNhap_06203!D52 -> 49774794 | E28: =BCThuNhap_06203!E52 -> 149261284 | F28: =BCThuNhap_06203!F52 -> 21635534 | G28: =BCThuNhap_06203!G52 -> 69942419
A29: IV. KẾT QUẢ HOẠT ĐỘNG ĐẦU TƯ (23=01-10-20) | B29: 23 | D29: =BCThuNhap_06203!D64 -> -2870186244 | E29: =BCThuNhap_06203!E64 -> -4546886970 | F29: =BCThuNhap_06203!F64 -> 16655021850 | G29: =BCThuNhap_06203!G64 -> 20804286064
A30: V. KẾT QUẢ THU NHẬP VÀ CHI PHÍ KHÁC | B30: 24 | D30: =BCThuNhap_06203!D65 -> 0 | E30: =BCThuNhap_06203!E65 -> 0 | F30: =BCThuNhap_06203!F65 -> 0 | G30: =BCThuNhap_06203!G65 -> 0
A31: 5.1. Thu nhập khác | B31: 24.1 | D31: =BCThuNhap_06203!D66 -> 0 | E31: =BCThuNhap_06203!E66 -> 0 | F31: =BCThuNhap_06203!F66 -> 0 | G31: =BCThuNhap_06203!G66 -> 0
A32: 5.2. Chi phí khác | B32: 24.2 | D32: =BCThuNhap_06203!D67 -> 0 | E32: =BCThuNhap_06203!E67 -> 0 | F32: =BCThuNhap_06203!F67 -> 0 | G32: =BCThuNhap_06203!G67 -> 0
A33: VI. TỔNG LỢI NHUẬN KẾ TOÁN TRƯỚC THUẾ (30=23 + 24) | B33: 30 | D33: =BCThuNhap_06203!D68 -> -2870186244 | E33: =BCThuNhap_06203!E68 -> -4546886970 | F33: =BCThuNhap_06203!F68 -> 16655021850 | G33: =BCThuNhap_06203!G68 -> 20804286064
A34: 6.1. Lợi nhuận đã thực hiện | B34: 31 | D34: =BCThuNhap_06203!D69 -> 773170827 | E34: =BCThuNhap_06203!E69 -> 4991275267 | F34: =BCThuNhap_06203!F69 -> 6559977563 | G34: =BCThuNhap_06203!G69 -> 14115108728
A35: 6.2. Lợi nhuận chưa thực hiện | B35: 32 | D35: =BCThuNhap_06203!D70 -> -3643357071 | E35: =BCThuNhap_06203!E70 -> -9538162237 | F35: =BCThuNhap_06203!F70 -> 10095044287 | G35: =BCThuNhap_06203!G70 -> 6689177336
A36: VII. CHI PHÍ THUẾ TNDN | B36: 40
A37: VIII. LỢI NHUẬN KẾ TOÁN SAU THUẾ TNDN (41 = 30 - 40) | B37: 41 | D37: =BCThuNhap_06203!D72 -> -2870186244 | E37: =BCThuNhap_06203!E72 -> -4546886970 | F37: =BCThuNhap_06203!F72 -> 16655021850 | G37: =BCThuNhap_06203!G72 -> 20804286064

Sheet TAI CHINH
A1: Chỉ tiêu | B1: Mã số | C1: Thuyết minh | D1: Năm N | E1: Năm N-1
A2: I. TÀI SẢN | B2: I
A3: 1.Tiền gửi ngân hàng và tương đương tiền | B3: 110 | D3: =BCTinhHinhTaiChinh_06105!D18 -> 12057506543 | E3: =BCTinhHinhTaiChinh_06105!E18 -> 9446760417
A4: 1.1. Tiền gửi ngân hàng cho hoạt động của Quỹ mở | B4: 111 | D4: =BCTinhHinhTaiChinh_06105!D19 -> 7057506543 | E4: =BCTinhHinhTaiChinh_06105!E19 -> 2446760417
A5: 1.2. Tiền gửi có kỳ hạn dưới 3 tháng | B5: 112 | D5: =BCTinhHinhTaiChinh_06105!D23 -> 5000000000 | E5: =BCTinhHinhTaiChinh_06105!E23 -> 7000000000
A6: 2. Các khoản đầu tư thuần | B6: 120 | D6: =BCTinhHinhTaiChinh_06105!D24 -> 142417827499 | E6: =BCTinhHinhTaiChinh_06105!E24 -> 151132867826
A7: 2.1. Các khoản đầu tư | B7: 121 | D7: =BCTinhHinhTaiChinh_06105!D25 -> 142417827499 | E7: =BCTinhHinhTaiChinh_06105!E25 -> 151132867826
A8: 2.2. Dự phòng giảm giá tài sản nhận thế chấp | B8: 122 | D8: =BCTinhHinhTaiChinh_06105!D32 -> 0 | E8: =BCTinhHinhTaiChinh_06105!E32 -> 0
A9: 3. Các khoản phải thu | B9: 130 | D9: =BCTinhHinhTaiChinh_06105!D33 -> 3748179119 | E9: =BCTinhHinhTaiChinh_06105!E33 -> 647222670
A10: 3.1 Phải thu về bán các khoản đầu tư | B10: 131 | D10: =BCTinhHinhTaiChinh_06105!D34 -> 2631771411 | E10: =BCTinhHinhTaiChinh_06105!E34 -> 0
A11: Trong đó: Phải thu khó đòi về bán các khoản đầu tư | B11: 132
A12: 3.2. Phải thu và dự thu cổ tức, tiền lãi các khoản đầu tư | B12: 133 | D12: =BCTinhHinhTaiChinh_06105!D35 -> 1116407708 | E12: =BCTinhHinhTaiChinh_06105!E35 -> 647222670
A13: 3.2.1. Phải thu cổ tức, tiền lãi đến ngày nhận | B13: 134 | D13: =BCTinhHinhTaiChinh_06105!D36 -> 0 | E13: =BCTinhHinhTaiChinh_06105!E36 -> 0
A14: Trong đó: Phải thu khó đòi về cổ tức, tiền lãi đến ngày nhận nhưng chưa nhận được | B14: 135
A15: 3.2.2 Dự thu cổ tức, tiền lãi chưa đến ngày nhận | B15: 136 | D15: =BCTinhHinhTaiChinh_06105!D38 -> 1116407708 | E15: =BCTinhHinhTaiChinh_06105!E38 -> 647222670
A16: 3.3. Các khoản phải thu khác | B16: 137 | D16: =BCTinhHinhTaiChinh_06105!D44 -> 0 | E16: =BCTinhHinhTaiChinh_06105!E44 -> 0
A17: 3.4. Dự phòng nợ phải thu khó đòi (*) | B17: 138 | D17: =BCTinhHinhTaiChinh_06105!D45 -> 0 | E17: =BCTinhHinhTaiChinh_06105!E45 -> 0
A18: TỔNG TÀI SẢN | B18: 100 | D18: =BCTinhHinhTaiChinh_06105!D46 -> 158223513161 | E18: =BCTinhHinhTaiChinh_06105!E46 -> 161226850913
A19: II. NỢ PHẢI TRẢ | B19: II
A20: 1. Vay ngắn hạn | B20: 311 | D20: =BCTinhHinhTaiChinh_06105!D48 -> 0 | E20: =BCTinhHinhTaiChinh_06105!E48 -> 0
A21: 2. Phải trả về mua các khoản đầu tư | B21: 312 | D21: =BCTinhHinhTaiChinh_06105!D49 -> 2804820932 | E21: =BCTinhHinhTaiChinh_06105!E49 -> 1705334170
A22: 3. Phải trả cho các Đại lý phân phối Chứng chỉ quỹ | B22: 313 | D22: =BCTinhHinhTaiChinh_06105!D50 -> 17923891 | E22: =BCTinhHinhTaiChinh_06105!E50 -> 4663044
A23: 4. Thuế và các khoản phải nộp Nhà nước | B23: 314 | D23: =BCTinhHinhTaiChinh_06105!D51 -> 3603507 | E23: =BCTinhHinhTaiChinh_06105!E51 -> 1866426
A24: 5.Phải trả thu nhập cho Nhà đầu tư | B24: 315 | D24: =BCTinhHinhTaiChinh_06105!D52 -> 407334 | E24: =BCTinhHinhTaiChinh_06105!E52 -> 407334
A25: 6. Chi phí phải trả | B25: 316 | D25: =BCTinhHinhTaiChinh_06105!D53 -> 78993176 | E25: =BCTinhHinhTaiChinh_06105!E53 -> 102486318
A26: 7. Phải trả cho Nhà đầu tư về mua Chứng chỉ quỹ | B26: 317 | D26: =BCTinhHinhTaiChinh_06105!D61 -> 10750000 | E26: =BCTinhHinhTaiChinh_06105!E61 -> 16800000
A27: 8. Phải trả cho Nhà đầu tư về mua lại Chứng chỉ quỹ | B27: 318 | D27: =BCTinhHinhTaiChinh_06105!D62 -> 11296 | E27: =BCTinhHinhTaiChinh_06105!E62 -> 11296
A28: 9. Phải trả dịch vụ quản lý Quỹ mở | B28: 319 | D28: =BCTinhHinhTaiChinh_06105!D63 -> 211080965 | E28: =BCTinhHinhTaiChinh_06105!E63 -> 211923603
A29: 10. Phải trả, phải nộp khác | B29: 320 | D29: =BCTinhHinhTaiChinh_06105!D71 -> 0 | E29: =BCTinhHinhTaiChinh_06105!E71 -> 0
A30: TỔNG NỢ PHẢI TRẢ | B30: 300 | D30: =BCTinhHinhTaiChinh_06105!D72 -> 3127591101 | E30: =BCTinhHinhTaiChinh_06105!E72 -> 2043492191
A31: III. GIÁ TRỊ TÀI SẢN RÒNG CÓ THỂ PHÂN PHỐI CHO NHÀ ĐẦU TƯ NẮM GIỮ CHỨNG CHỈ QUỸ MỞ (I-II) | B31: 400 | D31: =BCTinhHinhTaiChinh_06105!D73 -> 155095922060 | E31: =BCTinhHinhTaiChinh_06105!E73 -> 159183358722
A32: 1. Vốn góp của Nhà đầu tư | B32: 411 | D32: =BCTinhHinhTaiChinh_06105!D74 -> 73012181252 | E32: =BCTinhHinhTaiChinh_06105!E74 -> 73584666152
A33: 1.1 Vốn góp phát hành | B33: 412 | D33: =BCTinhHinhTaiChinh_06105!D75 -> 158232561152 | E33: =BCTinhHinhTaiChinh_06105!E75 -> 156920828352
A34: 1.2 Vốn góp mua lại | B34: 413 | D34: =BCTinhHinhTaiChinh_06105!D76 -> -85220379900 | E34: =BCTinhHinhTaiChinh_06105!E76 -> -83336162200
A35: 2. Thặng dư vốn góp của Nhà đầu tư | B35: 414 | D35: =BCTinhHinhTaiChinh_06105!D77 -> 14159334054 | E35: =BCTinhHinhTaiChinh_06105!E77 -> 14804099572
A36: 3. Lợi nhuận chưa phân phối | B36: 420 | D36: =BCTinhHinhTaiChinh_06105!D78 -> 67924406754 | E36: =BCTinhHinhTaiChinh_06105!E78 -> 70794592998
A37: IV. GIÁ TRỊ TÀI SẢN RÒNG QUỸ MỞ TRÊN 1 ĐƠN VỊ CHỨNG CHỈ QUỸ (IV=(I-II)/III) | B37: 430 | D37: =BCTinhHinhTaiChinh_06105!D79 -> 21242.47 | E37: =BCTinhHinhTaiChinh_06105!E79 -> 21632.68
A38: V. LỢI NHUẬN ĐÃ PHÂN PHỐI CHO NHÀ ĐẦU TƯ | B38: 440
A39: 1. Lợi nhuận/Tài sản đã phân phối cho Nhà đầu tư trong năm | B39: 441 | D39: =BCTinhHinhTaiChinh_06105!D81 -> 0 | E39: =BCTinhHinhTaiChinh_06105!E81 -> 0
A40: 2. Lợi nhuận đã phân phối cho Nhà đầu tư lũy kế từ khi thành lập Quỹ mở đến kỳ lập báo cáo này | B40: 442 | D40: =BCTinhHinhTaiChinh_06105!D82 -> 21452073549 | E40: =BCTinhHinhTaiChinh_06105!E82 -> 21452073549
A41: VI. CÁC CHỈ TIÊU NGOÀI BÁO CÁO TÌNH HÌNH TÀI CHÍNH | B41: VI | D41: =BCTinhHinhTaiChinh_06105!D83 -> 0 | E41: =BCTinhHinhTaiChinh_06105!E83 -> 0
A42: 1. Tài sản nhận thế chấp | B42: 001 | D42: =BCTinhHinhTaiChinh_06105!D84 -> 0 | E42: =BCTinhHinhTaiChinh_06105!E84 -> 0
A43: 2. Nợ khó đòi đã xử lý | B43: 002 | D43: =BCTinhHinhTaiChinh_06105!D85 -> 0 | E43: =BCTinhHinhTaiChinh_06105!E85 -> 0
A44: 3. Ngoại tệ các loại | B44: 003 | D44: =BCTinhHinhTaiChinh_06105!D86 -> 0 | E44: =BCTinhHinhTaiChinh_06105!E86 -> 0
A45: 4. Số lượng Chứng chỉ quỹ đang lưu hành | B45: 004 | D45: =BCTinhHinhTaiChinh_06105!D87 -> 7301218.1 | E45: =BCTinhHinhTaiChinh_06105!E87 -> 7358466.6

Sheet LCTT
A1: Chỉ tiêu | B1: Mã số | C1: Thuyết minh | D1: Năm N | E1: Năm N-1
A2: I. Lưu chuyển tiền từ hoạt động đầu tư | B2: I
A3: 1. Lợi nhuận trước Thuế thu nhập doanh nghiệp | B3: 01 | D3: =BCLCGT_06262!D18 -> -2870186244 | E3: =BCLCGT_06262!E18 -> 1930685646
A4: 2. Điều chỉnh cho các khoản tăng giá trị tài sản ròng từ các hoạt động đầu tư | B4: 02 | D4: =BCLCGT_06262!D19 -> 3619863929 | E4: =BCLCGT_06262!E19 -> -341617397
A5: (- lãi) hoặc (+ lỗ) chênh lệch tỷ giá hối đoái chưa thực hiện | B5: 03 | D5: =BCLCGT_06262!D20 -> 3643357071 | E5: =BCLCGT_06262!E20 -> -332081789
A6: (+) chi phí trích trước | B6: 04 | D6: =BCLCGT_06262!D21 -> -23493142 | E6: =BCLCGT_06262!E21 -> -9535608
A7: 3. Lợi nhuận từ hoạt động đầu tư trước thay đổi vốn lưu động | B7: 05 | D7: =BCLCGT_06262!D22 -> 749677685 | E7: =BCLCGT_06262!E22 -> 1589068249
A8: (-) Tăng, (+) giảm các khoản đầu tư | B8: 20 | D8: =BCLCGT_06262!D23 -> 5071683256 | E8: =BCLCGT_06262!E23 -> -21248772812
A9: (-) Tăng, (+) giảm phải thu bán chứng khoán đầu tư | B9: 06 | D9: =BCLCGT_06262!D24 -> -2631771411 | E9: =BCLCGT_06262!E24 -> 3622737730
A10: (-) Tăng, (+) giảm dự thu phải thu tiền lãi các khoản đầu tư | B10: 07 | D10: =BCLCGT_06262!D25 -> -469185038 | E10: =BCLCGT_06262!E25 -> -87349794
A11: (-) Tăng, (+) giảm các khoản phải thu khác | B11: 08 | D11: =BCLCGT_06262!D26 -> 0 | E11: =BCLCGT_06262!E26 -> 0
A12: (+) Tăng, (-) giảm vay ngắn hạn | B12: 09 | D12: =BCLCGT_06262!D27 -> 0 | E12: =BCLCGT_06262!E27 -> 0
A13: (+) Tăng, (-) giảm phải trả cho người bán | B13: 10 | D13: =BCLCGT_06262!D28 -> 1099486762 | E13: =BCLCGT_06262!E28 -> -1985078158
A14: (+) Tăng, (-) giảm phải trả các Đại lý phân phối Chứng chỉ quỹ | B14: 11 | D14: =BCLCGT_06262!D29 -> 13260847 | E14: =BCLCGT_06262!E29 -> -15089778
... A22: Lưu chuyển tiền thuần từ hoạt động đầu tư (1 + 2 + 3) | B22: 19 | D22: =BCLCGT_06262!D37 -> 3827996544 | E22: =BCLCGT_06262!E37 -> -18159304898
A23: II. Lưu chuyển tiền từ hoạt động tài chính | B23: II
A24: 1. Tiền thu từ phát hành Chứng chỉ quỹ mở | B24: 31 | D24: =BCLCGT_06262!D39 -> 2741349566 | E24: =BCLCGT_06262!E39 -> 2300582526
A25: 2. Tiền chi mua lại Chứng chỉ quỹ mở | B25: 32 | D25: =BCLCGT_06262!D40 -> -3958599984 | E25: =BCLCGT_06262!E40 -> -2098073545
A26: 3. Tiền vay gốc | B26: 33 | D26: =BCLCGT_06262!D41 -> 0 | E26: =BCLCGT_06262!E41 -> 0
A27: 4. Tiền chi trả nợ gốc vay | B27: 34 | D27: =BCLCGT_06262!D42 -> 0 | E27: =BCLCGT_06262!E42 -> 0
A28: 5. Tiền chi trả cổ tức, tiền lãi cho nhà đầu tư | B28: 35 | D28: =BCLCGT_06262!D43 -> 0 | E28: =BCLCGT_06262!E43 -> 0
A29: Lưu chuyển tiền thuần từ hoạt động tài chính (1-2+3-4-5) | B29: 30 | D29: =BCLCGT_06262!D44 -> -1217250418 | E29: =BCLCGT_06262!E44 -> 202508981
A30: III. Tăng/giảm tiền thuần trong kỳ | B30: 40 | D30: =BCLCGT_06262!D45 -> 2610746126 | E30: =BCLCGT_06262!E45 -> -17956795917
A31: IV. Tiền và các khoản tương đương tiền đầu kỳ | B31: 50 | D31: =BCLCGT_06262!D46 -> 9446760417 | E31: =BCLCGT_06262!E46 -> 27403556334
A32: Tiền gửi ngân hàng đầu kỳ: | B32: 51 | D32: =BCLCGT_06262!D47 -> 9446760417 | E32: =BCLCGT_06262!E47 -> 27403556334
A33: - Tiền gửi ngân hàng cho hoạt động Quỹ mở | B33: 52 | D33: =BCLCGT_06262!D48 -> 9427960417 | E33: =BCLCGT_06262!E48 -> 27221556334
A34: - Tiền gửi của Nhà đầu tư về mua Chứng chỉ quỹ | B34: 53 | D34: =BCLCGT_06262!D49 -> 18800000 | E34: =BCLCGT_06262!E49 -> 182000000
A35: - Tiền gửi phong tỏa | B35: 54 | D35: =BCLCGT_06262!D50 -> 0 | E35: =BCLCGT_06262!E50 -> 0
... A41: VI. Chênh lệch tiền và các khoản tương đương tiền trong kỳ | B41: 60 | D41: =BCLCGT_06262!D56 -> 2610746126 | E41: =BCLCGT_06262!E56 -> -17956795917
A42: Khác | B42: 80

Sheet TAI SAN
A1: STT | B1: Nội dung | C1: Mã chỉ tiêu | D1: Kỳ báo cáo | E1: Kỳ trước | F1: %/cùng kỳ năm trước
A2: I | B2: Tài sản | C2: 2200
A3: I.1 | B3: Tiền và các khoản tương đương tiền | C3: 2201 | D3: =BCTaiSan_06027!D19 -> 12057506543 | E3: =BCTaiSan_06027!E19 -> 9446760417 | F3: =BCTaiSan_06027!F19/100 -> 0.85585805
B4: Tiền | C4: 2202
A5: ... | B5: ... | C5: ... | D5: ... | E5: ... | F5: ...
B6: Tiền gửi ngân hàng | C6: 2203 | D6: =BCTaiSan_06027!D21 -> 7057506543 | E6: =BCTaiSan_06027!E21 -> 2446760417 | F6: =BCTaiSan_06027!F21/100 -> 1.7742022
A7: ... | B7: Các khoản tương đương tiền | C7: 2204 | D7: =BCTaiSan_06027!D25 -> 5000000000 | E7: =BCTaiSan_06027!E25 -> 7000000000 | F7: =BCTaiSan_06027!F25/100 -> 0.49454221
A8: I.2 | B8: Các khoản đầu tư (kê chi tiết) | C8: 2205 | D8: =BCTaiSan_06027!D26 -> 142417827499 | E8: =BCTaiSan_06027!E26 -> 151132867826 | F8: =BCTaiSan_06027!F26/100 -> 1.0567694
A9: ... | B9: ... | C9: ... | D9: ... | E9: ... | F9: ...
A11: I.3 | B11: Thu từ cho thuê bất động sản đầu tư (áp dụng đối với các quỹ được phép đầu tư bất động sản) | C11: 2220
A12: ... | B12: ... | C12: ... | D12: ... | E12: ... | F12: ...
A13: I.4 | B13: Cổ tức, trái tức được nhận | C13: 2206 | D13: =BCTaiSan_06027!D33 -> 131500000 | E13: =BCTaiSan_06027!E33 -> 92875000 | F13: =BCTaiSan_06027!F33/100 -> 0.64146341
A14: ... | B14: ... | C14: ... | D14: ... | E14: ... | F14: ...
A16: I.5 | B16: Lãi được nhận | C16: 2207 | D16: =BCTaiSan_06027!D36 -> 984907708 | E16: =BCTaiSan_06027!E36 -> 554347670 | F16: =BCTaiSan_06027!F36/100 -> 3.9739109
A17: ... | B17: ... | C17: ... | D17: ... | E17: ... | F17: ...
A19: I.6 | B19: Tiền bán bất động sản chờ thu (kê chi tiết - áp dụng đối với các quỹ được phép đầu tư bất động sản) | C19: 2221
A20: ... | B20: ... | C20: ... | D20: ... | E20: ... | F20: ...
A21: I.7 | B21: Tiền bán chứng khoán chờ thu (kê chi tiết) | C21: 2208 | D21: =BCTaiSan_06027!D39 -> 2631771411 | E21: =BCTaiSan_06027!E39 -> 0 | F21: =BCTaiSan_06027!F39/100 -> 1.0537968
A22: ... | B22: ... | C22: ... | D22: ... | E22: ... | F22: ...
A24: I.8 | B24: Các khoản phải thu khác | C24: 2210 | D24: =BCTaiSan_06027!D40 -> 0 | E24: =BCTaiSan_06027!E40 -> 0 | F24: =BCTaiSan_06027!F40/100 -> 0
A25: ... | B25: ... | C25: ... | D25: ... | E25: ... | F25: ...
A27: I.9 | B27: Các tài sản khác | C27: 2211 | D27: =BCTaiSan_06027!D41 -> 0 | E27: =BCTaiSan_06027!E41 -> 0 | F27: =BCTaiSan_06027!F41/100 -> 0
A28: ... | B28: ... | C28: ... | D28: ... | E28: ... | F28: ...
A30: I.10 | B30: Tổng tài sản | C30: 2212 | D30: =BCTaiSan_06027!D42 -> 158223513161 | E30: =BCTaiSan_06027!E42 -> 161226850913 | F30: =BCTaiSan_06027!F42/100 -> 1.0422769
A31: II | B31: Nợ | C31: 2213
A32: II.1 | B32: Tiền phải thanh toán mua bất động sản (kê chi tiết) | C32: 2222
A33: ... | B33: ... | C33: ... | D33: ... | E33: ... | F33: ...
A34: II.2 | B34: Tiền phải thanh toán mua chứng khoán (kê chi tiết) | C34: 2214 | D34: =BCTaiSan_06027!D44 -> 2804820932 | E34: =BCTaiSan_06027!E44 -> 1705334170 | F34: =BCTaiSan_06027!F44/100 -> 6.9649838
A35: ... | B35: ... | C35: ... | D35: ... | E35: ... | F35: ...
A37: II.3 | B37: Các khoản phải trả khác | C37: 2215 | D37: =BCTaiSan_06027!D45 -> 322770169 | E37: =BCTaiSan_06027!E45 -> 338158021 | F37: =BCTaiSan_06027!F45/100 -> 0.97823897
A38: ... | B38: ... | C38: ... | D38: ... | E38: ... | F38: ...
A40: II.4 | B40: Tổng nợ | C40: 2216 | D40: =BCTaiSan_06027!D66 -> 3127591101 | E40: =BCTaiSan_06027!E66 -> 2043492191 | F40: =BCTaiSan_06027!F66/100 -> 4.2688551
B41: Tài sản ròng của Quỹ/Công ty đầu tư (I.10-II.4) | C41: 2217 | D41: =BCTaiSan_06027!D67 -> 155095922060 | E41: =BCTaiSan_06027!E67 -> 159183358722 | F41: =BCTaiSan_06027!F67/100 -> 1.0266291
B42: Tổng số chứng chỉ quỹ đang lưu hành | C42: 2218 | D42: =BCTaiSan_06027!D68 -> 7301218.1 | E42: =BCTaiSan_06027!E68 -> 7358466.6 | F42: =BCTaiSan_06027!F68/100 -> 1.067282
B43: Giá trị tài sản ròng trên một chứng chỉ quỹ/cổ phiếu | C43: 2219 | D43: =BCTaiSan_06027!D69 -> 21242.47 | E43: =BCTaiSan_06027!E69 -> 21632.68 | F43: =BCTaiSan_06027!F69/100 -> 0.96190981

Sheet HOAT DONG
A1: STT | B1: Chỉ tiêu | C1: Mã chỉ tiêu | D1: Kỳ báo cáo | E1: Kỳ trước | F1: Lũy kế từ đầu năm
A2: I | B2: Thu nhập từ hoạt động đầu tư | C2: 2220 | D2: =BCKetQuaHoatDong_06028!D18 -> 2114972262 | E2: =BCKetQuaHoatDong_06028!E18 -> 1702282264 | F2: =BCKetQuaHoatDong_06028!F18 -> 4633087839
A3: 1 | B3: Thu từ bất động sản cho thuê (áp dụng đối với các quỹ được phép đầu tư bất động sản) | C3: 2223
A4: ... | B4: ... | C4: ... | D4: ... | E4: ... | F4: ...
A5: 2 | B5: Cổ tức, trái tức được nhận | C5: 2221 | D5: =BCKetQuaHoatDong_06028!D19 -> 1151316000 | E5: =BCKetQuaHoatDong_06028!E19 -> 846458000 | F5: =BCKetQuaHoatDong_06028!F19 -> 2155774000
A6: ... | B6: ... | C6: ... | D6: ... | E6: ... | F6: ...
A7: 3 | B7: Lãi được nhận | C7: 2222 | D7: =BCKetQuaHoatDong_06028!D22 -> 963656262 | E7: =BCKetQuaHoatDong_06028!E22 -> 855824264 | F7: =BCKetQuaHoatDong_06028!F22 -> 2477313839
A8: ... | B8: ... | C8: ... | D8: ... | E8: ... | F8: ...
A9: 4 | B9: Các khoản thu nhập khác | C9: 2223 | D9: =BCKetQuaHoatDong_06028!D23 -> 0 | E9: =BCKetQuaHoatDong_06028!E23 -> 0 | F9: =BCKetQuaHoatDong_06028!F23 -> 0
A10: ... | B10: ... | C10: ... | D10: ... | E10: ... | F10: ...
A11: II | B11: Chi phí | C11: 2224 | D11: =BCKetQuaHoatDong_06028!D24 -> 890796806 | E11: =BCKetQuaHoatDong_06028!E24 -> 995704818 | F11: =BCKetQuaHoatDong_06028!F24 -> 2988776609
A12: 1 | B12: Chi phí quản lý trả cho công ty quản lý quỹ | C12: 2225 | D12: =BCKetQuaHoatDong_06028!D25 -> 471201191 | E12: =BCKetQuaHoatDong_06028!E25 -> 475919367 | F12: =BCKetQuaHoatDong_06028!F25 -> 1420949957
A13: ... | B13: ... | C13: ... | D13: ... | E13: ... | F13: ...
A14: 2 | B14: Chi phí lưu ký, giám sát trả cho ngân hàng giám sát | C14: 2226 | D14: =BCKetQuaHoatDong_06028!D26 -> 108490530 | E14: =BCKetQuaHoatDong_06028!E26 -> 121414807 | F14: =BCKetQuaHoatDong_06028!F26 -> 377398045
A15: ... | B15: ... | C15: ... | D15: ... | E15: ... | F15: ...
A17: 3 | B17: Chi phí quản trị quỹ và các chi phí khác mà công ty quản lý quỹ trả cho tổ chức cung cấp dịch vụ có liên quan (nếu có) | C17: 2227 | D17: =BCKetQuaHoatDong_06028!D31 -> 89100000 | E17: =BCKetQuaHoatDong_06028!E31 -> 89100000 | F17: =BCKetQuaHoatDong_06028!F31 -> 267300000
A18: ... | B18: ... | C18: ... | D18: ... | E18: ... | F18: ...
A20: 4 | B20: Chi phí dịch vụ quản lý bất động sản (áp dụng đối với các quỹ được phép đầu tư bất động sản) | C20: 2231
A21: ... | B21: ... | C21: ... | D21: ... | E21: ... | F21: ...
A22: 5 | B22: Chi phí dịch vụ định giá bất động sản (áp dụng đối với các quỹ được phép đầu tư bất động sản) | C22: 2232
A23: ... | B23: ... | C23: ... | D23: ... | E23: ... | F23: ...
A24: 6 | B24: Chi phí kiểm toán trả cho tổ chức kiểm toán; | C24: 2228 | D24: =BCKetQuaHoatDong_06028!D34 -> 30246564 | E24: =BCKetQuaHoatDong_06028!E34 -> 29917797 | F24: =BCKetQuaHoatDong_06028!F34 -> 89753392
A25: ... | B25: ... | C25: ... | D25: ... | E25: ... | F25: ...
A26: 7 | B26: Chi phí dịch vụ tư vấn pháp lý, dịch vụ báo giá và các dịch vụ hợp lý khác, thù lao trả cho Ban đại diện quỹ/Hội đồng quản trị | C26: 2229 | D26: =BCKetQuaHoatDong_06028!D35 -> 45000000 | E26: =BCKetQuaHoatDong_06028!E35 -> 72000000 | F26: =BCKetQuaHoatDong_06028!F35 -> 135000000
A27: ... | B27: ... | C27: ... | D27: ... | E27: ... | F27: ...
A29: 8 | B29: Chi phí dự thảo, in ấn, gửi Bản cáo bạch, Bản cáo bạch tóm tắt, báo cáo tài chính, xác nhận giao dịch, sao kê tài khoản và các tài liệu khác cho nhà đầu tư; chi phí công bố thông tin của quỹ; chi phí tổ chức họp Đại hội nhà đầu tư/Đại hội đồng cổ đông, Ban đại diện quỹ/Hội đồng quản trị | C29: 2230 | D29: =BCKetQuaHoatDong_06028!D38 -> 0 | E29: =BCKetQuaHoatDong_06028!E38 -> 0 | F29: =BCKetQuaHoatDong_06028!F38 -> 0
A30: ... | B30: ... | C30: ... | D30: ... | E30: ... | F30: ...
A32: 9 | B32: Chi phí liên quan đến thực hiện các giao dịch tài sản của quỹ/công ty | C32: 2231 | D32: =BCKetQuaHoatDong_06028!D43 -> 141983727 | E32: =BCKetQuaHoatDong_06028!E43 -> 202569752 | F32: =BCKetQuaHoatDong_06028!F43 -> 684113931
A33: ... | B33: ... | C33: ... | D33: ... | E33: ... | F33: ...
A35: 10 | B35: Các loại chi phí khác (nêu chi tiết) | C35: 2232 | D35: =BCKetQuaHoatDong_06028!D46 -> 4774794 | E35: =BCKetQuaHoatDong_06028!E46 -> 4783095 | F35: =BCKetQuaHoatDong_06028!F46 -> 14261284
A36: ... | B36: ... | C36: ... | D36: ... | E36: ... | F36: ...
A38: III | B38: Thu nhập ròng từ hoạt động đầu tư (I-II) | C38: 2233 | D38: =BCKetQuaHoatDong_06028!D53 -> 1224175456 | E38: =BCKetQuaHoatDong_06028!E53 -> 706577446 | F38: =BCKetQuaHoatDong_06028!F53 -> 1644311230
A39: IV | B39: Lãi (lỗ) từ hoạt động đầu tư | C39: 2234 | D39: =BCKetQuaHoatDong_06028!D54 -> -4094361700 | E39: =BCKetQuaHoatDong_06028!E54 -> 1224108200 | F39: =BCKetQuaHoatDong_06028!F54 -> -6191198200
A40: 1 | B40: Lãi (lỗ) thực tế phát sinh từ hoạt động đầu tư hoặc chuyển nhượng bất động sản | C40: 2235 | D40: =BCKetQuaHoatDong_06028!D55 -> -451004629 | E40: =BCKetQuaHoatDong_06028!E55 -> 892026411 | F40: =BCKetQuaHoatDong_06028!F55 -> 3346964037
A41: 2 | B41: Thay đổi về giá trị của các khoản đầu tư trong kỳ | C41: 2236 | D41: =BCKetQuaHoatDong_06028!D56 -> -3643357071 | E41: =BCKetQuaHoatDong_06028!E56 -> 332081789 | F41: =BCKetQuaHoatDong_06028!F56 -> -9538162237
A42: V | B42: Thay đổi của giá trị tài sản ròng do các hoạt động đầu tư trong kỳ (III + IV) | C42: 2237 | D42: =BCKetQuaHoatDong_06028!D57 -> -2870186244 | E42: =BCKetQuaHoatDong_06028!E57 -> 1930685646 | F42: =BCKetQuaHoatDong_06028!F57 -> -4546886970
A43: VI | B43: Giá trị tài sản ròng đầu kỳ | C43: 2238 | D43: =BCKetQuaHoatDong_06028!D58 -> 159183358722 | E43: =BCKetQuaHoatDong_06028!E58 -> 157050164095 | F43: =BCKetQuaHoatDong_06028!F58 -> 155556615801
A44: VII | B44: Thay đổi giá trị tài sản ròng của Quỹ/Công ty trong kỳ, trong đó: | C44: 2239 | D44: =BCKetQuaHoatDong_06028!D59 -> -4087436662 | E44: =BCKetQuaHoatDong_06028!E59 -> 2133194627 | F44: =BCKetQuaHoatDong_06028!F59 -> -460693741
A45: 1 | B45: Thay đổi giá trị tài sản ròng của Quỹ/Công ty đầu tư chứng khoán do các hoạt động đầu tư trong kỳ | C45: 2239.1 | D45: =BCKetQuaHoatDong_06028!D61 -> -2870186244 | E45: =BCKetQuaHoatDong_06028!E61 -> 1930685646 | F45: =BCKetQuaHoatDong_06028!F61 -> -4546886970
A46: 2 | B46: Thay đổi giá trị tài sản ròng do việc chi trả lợi tức/cổ tức cho các nhà đầu tư/cổ đông trong kỳ | C46: 2239.2 | D46: =BCKetQuaHoatDong_06028!D62 -> 0 | E46: =BCKetQuaHoatDong_06028!E62 -> 0 | F46: =BCKetQuaHoatDong_06028!F62 -> 0
A47: 3 | B47: Thay đổi giá trị tài sản ròng do phát hành thêm/mua lại chứng chỉ quỹ | C47: 2239.3 | D47: =BCKetQuaHoatDong_06028!D63 -> -1217250418 | E47: =BCKetQuaHoatDong_06028!E63 -> 202508981 | F47: =BCKetQuaHoatDong_06028!F63 -> 4086193229
A48: VIII | B48: Giá trị tài sản ròng cuối kỳ | C48: 2243 | D48: =BCKetQuaHoatDong_06028!D66 -> 155095922060 | E48: =BCKetQuaHoatDong_06028!E66 -> 159183358722 | F48: =BCKetQuaHoatDong_06028!F66 -> 155095922060
A49: IX | B49: Lợi nhuận bình quân năm (chỉ áp dụng đối với báo cáo năm) | C49: 2244
B50: Tỷ suất lợi nhuận bình quân năm (chỉ áp dụng đối với báo cáo năm) | C50: 2245

Sheet TB 30092015
E2: GENERAL LEDGER TRIAL BALANCE
E3: Fund | F3: VCAMBF | G3: VIET CAPITAL BALANCED FU Page : | H3: 1/2
A4: General Ledger Trail Balance To | E4: 31/10/2015 00:00 Currency VND | G4: DONG Report | H4: : SHJNA102
G5: 03/11/2015 10:57
E6: Nav Type Official | G6: Historical
A7: Account | B7: IFRS Suff Acc | D7: Maturity | E7: Description | G7: - - - - - - - - - - - - - Balance - - - | H7: - - - - - - - - - -
B8: Class | C8: Ccy | D8: Date | G8: Account Ccy | H8: Fund CcyVND
A9: 101100 | C9: VND | E9: Investment - Equities | F9: VND | G9: 27189959504 | H9: 27189959504
A10: 110100 | C10: VND | D10: 09/11/2015 | E10: Bank Deposits | F10: VND | G10: 5000000000 | H10: 5000000000
A11: 110100 | C11: VND | D11: 12/11/2015 | E11: Bank Deposits | F11: VND | G11: 7000000000 | H11: 7000000000
A12: 110100 | C12: VND | D12: 16/11/2015 | E12: Bank Deposits | F12: VND | G12: 4000000000 | H12: 4000000000
A13: 110100 | C13: VND | D13: 30/12/2015 | E13: Bank Deposits | F13: VND | G13: 13000000000 | H13: 13000000000
A14: 132100 | B14: 7 | C14: VND | E14: Dividend Receivable | F14: VND | G14: 112800000 | H14: 112800000
A15: 132150 | B15: 7 | C15: VND | E15: Due From Broker - Equities | F15: VND | G15: 3088160800 | H15: 3088160800
A16: 140130 | B16: 7 | C16: VND | E16: Cash in Bank STANDARD | F16: VND | G16: 6452337403 | H16: 6452337403
E17: CHARTERED BANK VIETNAM
A18: 152190 | B18: - | C18: VND | E18: Int Accrual - Deposit | F18: VND | G18: 103038889 | H18: 103038889
A19: 161100 | B19: - | C19: VND | E19: Prov Unr P/L - Equities | F19: VND | G19: -1452309804 | H19: -1452309804
A20: 161120 | B20: - | C20: VND | E20: Prov Unr P/L - Rights | F20: VND | G20: 349680000 | H20: 349680000
A21: 212150 | B21: 7 | C21: VND | E21: Due to Broker - Equity | F21: VND | G21: -1492792250 | H21: -1492792250
A22: 212222 | B22: - | C22: VND | E22: Payable WHT Tax | F22: VND | G22: -6000000 | H22: -6000000
A23: 213103 | B23: - | C23: VND | E23: Exp Accrual - Admin Fee | F23: VND | G23: -11180000 | H23: -11180000
A24: 213105 | B24: - | C24: VND | E24: Exp Accrual - Audit Fee | F24: VND | G24: -91616438 | H24: -91616438
A25: 213107 | B25: - | C25: VND | E25: Exp Accrual - Custody Fee | F25: VND | G25: -10750000 | H25: -10750000
A26: 213108 | B26: - | C26: VND | E26: Exp Accrual - Directors Fee | F26: VND | G26: -5400000 | H26: -5400000
A27: 213110 | B27: - | C27: VND | E27: Exp Accrual - Fund Svces Fee | F27: VND | G27: -19565000 | H27: -19565000
A28: 213128 | B28: - | C28: VND | E28: Exp Accrual - Transaction Fee | F28: VND | G28: -9600000 | H28: -9600000
A29: 213129 | B29: - | C29: VND | E29: Exp Accrual - Transfer Agt Fee | F29: VND | G29: -11000000 | H29: -11000000
A30: 213154 | B30: - | C30: VND | E30: Exp Accrual - Other Expense | F30: VND | G30: -8328773 | H30: -8328773
A31: 213500 | B31: - | C31: VND | E31: Exp Accrual - Management | F31: VND | G31: -47698050 | H31: -47698050
E32: Fee
A33: 301000 | B33: - | C33: VND | E33: Capital - Subscription | F33: VND | G33: -60597958652 | H33: -60597958652
A34: 302000 | B34: - | C34: VND | E34: Capital - Redemption | F34: VND | G34: 1056863400 | H34: 1056863400
A35: 303102 | B35: - | C35: VND | E35: Unit Premium Reserve | F35: VND | G35: -191086976 | H35: -191086976
A36: 390000 | B36: - | C36: VND | E36: RETAIN EARNINGS | F36: VND | G36: 567698805 | H36: 567698805
A37: 411100 | B37: - | C37: VND | E37: R/L G/P - Equities | F37: VND | G37: -7655111543 | H37: -7655111543
A38: 431100 | B38: - | C38: VND | E38: UR/L G/P - Equities | F38: VND | G38: -1.9763784e+09 | H38: -1.9763784e+09
A39: 431120 | B39: - | C39: VND | E39: UR/L G/P - Rights | F39: VND | G39: -349680000 | H39: -349680000
A40: 441100 | B40: - | C40: VND | E40: UR/L G/FX - Equities | F40: VND | G40: -0.14 | H40: -0.14
A41: 451100 | B41: - | C41: VND | E41: Dividend Income - Equities | F41: VND | G41: -1971571000 | H41: -1971571000
A42: 452190 | B42: - | C42: VND | E42: Int Income - Deposit | F42: VND | G42: -839661113 | H42: -839661113
A43: 511100 | B43: - | C43: VND | E43: R/L L/P - Equities | F43: VND | G43: 7377336200 | H43: 7377336200
A44: 553002 | B44: - | C44: VND | E44: Other Expenses | F44: VND | G44: 832700 | H44: 832700
... A57: 555167 | B57: - | C57: VND | E57: Annual Fee Expense | F57: VND | G57: 18328773 | H57: 18328773
E59: GENERAL LEDGER TRIAL BALANCE
E60: Fund | F60: VCAMBF VIET CAPITAL BALANCED FU | G60: Page : | H60: 2/2
A61: General Ledger Trail Balance To | E61: 31/10/2015 00:00 Currency VND | G61: DONG Report | H61: : SHJNA102
G62: 03/11/2015 10:57
E63: Nav Type Official | G63: Historical
A64: Account | B64: IFRS Suff Acc | D64: Maturity | E64: Description | G64: - - - - - - - - - - - - - Balance - - - | H64: - - - - - - - - - -
B65: Class | C65: Ccy | D65: Date | G65: Account Ccy | H65: Fund CcyVND
G66: Closing Balance | H66: 0
G67: Total Debits | H67: 76747687956
G68: Total Credits | H68: 76747687956
G69: Total Asset and Liabilities | H69: 63129736281
G70: Total Capital and PL | H70: -63129736281
G71: Total Off Balance | H71: 0

Sheet KHAC
A1: STT | B1: Chỉ tiêu | C1: Mã chỉ tiêu | D1: Kỳ báo cáo | E1: Kỳ trước
A2: I | B2: Các chỉ tiêu về hiệu quả hoạt động | C2: 2264
A3: 1 | B3: Tỷ lệ giá dịch vụ quản lý trả cho công ty quản lý quỹ/Giá trị tài sản ròng trung bình trong kỳ (%) | C3: 2265 | D3: =Khac_06030!D19 -> 0.012110261 | E3: =Khac_06030!E19 -> 0.011964188
A4: 2 | B4: Tỷ lệ giá dịch vụ lưu ký, giám sát trả cho ngân hàng giám sát/Giá trị tài sản ròng trung bình trong kỳ (%) | C4: 2266 | D4: =Khac_06030!D20 -> 0.0027882966 | E4: =Khac_06030!E20 -> 0.00305226
A5: 3 | B5: Tỷ tệ chi phí dịch vụ quản trị quỹ và các chi phí khác mà công ty quản lý quỹ trả cho tổ chức cung cấp dịch vụ có liên quan/Giá trị tài sản ròng trung bình trong kỳ (%) (nếu có) | C5: 22661 | D5: =Khac_06030!D21 -> 0.0022899439 | E5: =Khac_06030!E21 -> 0.0022398945
A6: 4 | B6: Chi phí kiểm toán trả cho tổ chức kiểm toán (nếu phát sinh)/Giá trị tài sản ròng trung bình trong kỳ (%) | C6: 2267 | D6: =Khac_06030!D22 -> 0.00077736177 | E6: =Khac_06030!E22 -> 0.00075210674
A7: 5 | B7: Chi phí trả cho tổ chức quản lý bất động sản/ Giá trị tài sản ròng trung bình trong kỳ (%) | C7: 2286
A8: 6 | B8: Chi phí trả cho doanh nghiệp thẩm định giá bất động sản/Giá trị tài sản ròng trung bình trong kỳ (%) | C8: 2287
A9: 7 | B9: Chi phí dịch tư vấn pháp lý, dịch vụ báo giá và các dịch vụ hợp lý khác, thù lao trả cho Ban đại diện quỹ (Hội đồng quản trị)/Giá trị tài sản ròng trung bình trong kỳ (%) | C9: 2268 | D9: =Khac_06030!D23 -> 0.0011565373 | E9: =Khac_06030!E23 -> 0.0018100158
A10: 8 | B10: Tỷ lệ chi phí/Giá trị tài sản ròng trung bình trong kỳ (%) | C10: 2269 | D10: =Khac_06030!D24 -> 0.022894217 | E10: =Khac_06030!E24 -> 0.025031131
A11: 9 | B11: Tốc độ vòng quay danh mục trong kỳ (%) | C11: 2270 | D11: =Khac_06030!D25 -> 1.2227699 | E11: =Khac_06030!E25 -> 1.7442331
A12: 10 | B12: Tỷ lệ thu nhập (tính cả thu nhập từ lãi, cổ tức, trái tức, chênh lệch giá)/Giá trị tài sản ròng (áp dụng đối với quỹ thành viên, quỹ đóng, công ty đầu tư chứng khoán) | C12: 2287
A13: II | B13: Các chỉ tiêu khác | C13: 2272
A14: 1 | B14: Quy mô quỹ/công ty đầu kỳ | C14: 2273 | D14: =Khac_06030!D27 -> 73584666152 | E14: =Khac_06030!E27 -> 73478524152
B15: Tổng giá trị chứng chỉ quỹ/cổ phiếu đang lưu hành đầu kỳ | C15: 2274 | D15: =Khac_06030!D28 -> 73584666152 | E15: =Khac_06030!E28 -> 73478524152
B16: Tổng số lượng chứng chỉ quỹ/cổ phiếu đang lưu hành đầu kỳ | C16: 2275 | D16: =Khac_06030!D29 -> 7358466.6 | E16: =Khac_06030!E29 -> 7347852.4
A17: 2 | B17: Thay đổi quy mô trong kỳ | C17: 2276 | D17: =Khac_06030!D30 -> -5.724849e+08 | E17: =Khac_06030!E30 -> 1.06142e+08
B18: Số lượng chứng chỉ quỹ/ cổ phiếu phát hành thêm trong kỳ | C18: 2277 | D18: =Khac_06030!D33 -> 131173.28 | E18: =Khac_06030!E33 -> 107031.24
B19: Giá trị vốn thực huy động thêm trong kỳ | C19: 2278 | D19: =Khac_06030!D34 -> 1311732800 | E19: =Khac_06030!E34 -> 1070312400
B20: Số lượng chứng chỉ quỹ mua lại trong kỳ | C20: 22781 | D20: =Khac_06030!D35 -> -188421.77 | E20: =Khac_06030!E35 -> -96417.04
B21: Giá trị vốn thực thanh toán trong kỳ | C21: 22782 | D21: =Khac_06030!D36 -> -1.8842177e+09 | E21: =Khac_06030!E36 -> -9.641704e+08
A22: 3 | B22: Quy mô quỹ/công ty cuối kỳ | C22: 2279 | D22: =Khac_06030!D37 -> 73012181252 | E22: =Khac_06030!E37 -> 73584666152
B23: Tổng giá trị thị trường của quỹ/công ty đang lưu hành cuối kỳ | C23: 2280 | D23: =Khac_06030!D38 -> 73012181252 | E23: =Khac_06030!E38 -> 73584666152
B24: Tổng số lượng chứng chỉ quỹ/cổ phiếu đang lưu hành cuối kỳ | C24: 2281 | D24: =Khac_06030!D39 -> 7301218.1 | E24: =Khac_06030!E39 -> 7358466.6
A25: 4 | B25: Tỷ lệ nắm giữ chứng chỉ quỹ/cổ phiếu của công ty quản lý quỹ và người có liên quan cuối kỳ | C25: 2282 | D25: =Khac_06030!D40 -> 0.7443 | E25: =Khac_06030!E40 -> 0.73929824
A26: 5 | B26: Tỷ lệ nắm giữ chứng chỉ quỹ/cổ phiếu của 10 nhà đầu tư/cổ đông lớn nhất cuối kỳ | C26: 2283 | D26: =Khac_06030!D41 -> 0.8618 | E26: =Khac_06030!E41 -> 0.8597
A27: 6 | B27: Tỷ lệ nắm giữ chứng chỉ quỹ/cổ phiếu của nhà đầu tư/cổ đông nước ngoài cuối kỳ | C27: 2284 | D27: =Khac_06030!D42 -> 0.0073250503 | E27: =Khac_06030!E42 -> 0.0094
A28: 7 | B28: Số nhà đầu tư tham gia vào quỹ, kể cả giao dịch ký danh (áp dụng đối với quỹ mở) | C28: 22841 | D28: =Khac_06030!D44 -> 1249 | E28: =Khac_06030!E44 -> 1178
A29: 8 | B29: Giá trị tài sản ròng trên một chứng chỉ quỹ/cổ phiếu cuối kỳ | C29: 2285 | D29: =Khac_06030!D43 -> 21242.47 | E29: =Khac_06030!E43 -> 21632.68
A30: 9 | B30: Giá trị thị trường trên một chứng chỉ quỹ/cổ phiếu cuối kỳ (áp dụng đối với quỹ niêm yết) | C30: 2288
